 Dungeon Crawl Stone Soup version 0.29.0-15-g675c0067aa (webtiles) character file.

Game seed: 6271141351831565430

359468 qw the Slayer (level 21, -8/215 HPs)
             Began as a Minotaur Berserker on Sept 12, 2022.
             Was an Elder of Trog.
             Killed from afar by a tengu reaver (88 damage)
             ... with a bolt of fire
             ... on level 3 of the Depths.
             The game lasted 00:20:47 (57233 turns).

qw the Slayer (Minotaur Berserker)                 Turns: 57233, Time: 00:20:47

Health: -8/215     AC: 41    Str: 39    XL:     21   Next: 46%
Magic:  20/20      EV: 11    Int: 14    God:    Trog [****..]
Gold:   2403       SH: 25    Dex:  8    Spells: 20/20 levels left

rFire   x . .      SeeInvis .   i - +8 broad axe of Jocular Judgement {venom, rElec Str+4 Dex-3}
rCold   . . .      Faith    .   x - +0 tower shield "Yssacw" {Int+4 Stlth+}
rNeg    . . .      Spirit   .   q - +8 plate armour
rPois   +          Reflect  +   t - +2 hat
rElec   +          Harm     .   d - +2 cloak
rCorr   .          Rampage  +   s - +1 Delatra's gloves {ID++}
Will    ++...                   b - +2 pair of boots {rampage}
Stlth   ..........              k - amulet of reflection
HPRegen 0.45/turn               o - ring "Veira Xoni" {Drain rPois Will+ Str+3 Slay+3}
MPRegen 0.17/turn               p - ring "Dobbeij" {Fly rF- Int+6 Slay+5 Stlth+}

@: on berserk cooldown, flying, slowed, very slow
A: horns 2, retaliatory headbutt
}: 2/15 runes: serpentine, barnacled
a: Renounce Religion, Berserk, Trog's Hand, Brothers in Arms


You were on level 3 of the Depths.
You worshipped Trog.
Trog was greatly pleased with you.
You visited 7 branches of the dungeon, and saw 37 of its levels.
You also visited: Sewer.

You collected 5539 gold pieces.
You spent 3136 gold pieces at shops.


Innate Abilities, Weirdness & Mutations

You have a pair of horns on your head.
You reflexively headbutt those who attack you in melee.


   Skills:
 + Level 24.7 Fighting
 - Level 18.0 Axes
 - Level 14.0 Throwing
 - Level 22.0 Armour
 - Level 10.0 Dodging
 - Level 22.0 Shields


You had 20 spell levels left.
You didn't know any spells.
Your spell library was empty.

Inventory:

Hand Weapons
 i - the +8 broad axe of Jocular Judgement (weapon) {venom, rElec Str+4 Dex-3}
   (You found it on level 10 of the Dungeon)

   It poisons the flesh of those it strikes.
   Str:       It affects your strength (+4).
   Dex:       It affects your dexterity (-3).
   rElec:     It insulates you from electricity.
Missiles
 f - a silver boomerang (quivered)
 l - 2 javelins
 n - 18 boomerangs
 y - a silver javelin
Armour
 b - a +2 pair of boots of rampaging (worn)
 d - a +2 cloak (worn)
 q - a +8 plate armour (worn)
 s - the +1 Delatra's gloves (worn) {ID++}
   (You found it on level 6 of the Dungeon)

   It heals its wearer when they drink unknown potions.
   It restores its wearer's MP when they read unknown scrolls.
 t - a +2 hat (worn)
 v - a +1 pair of gloves
 x - the +0 tower shield "Yssacw" (worn) {Int+4 Stlth+}
   (You took it off Louise on level 14 of the Dungeon)

   Int:       It affects your intelligence (+4).
   Stlth:     It makes you more stealthy.
Jewellery
 k - an amulet of reflection (around neck)
 o - the ring "Veira Xoni" (left hand) {Drain rPois Will+ Str+3 Slay+3}
   (You found it on level 4 of the Shoals)

   [ring of poison resistance]

   Str:       It affects your strength (+3).
   Slay:      It affects your accuracy & damage with ranged weapons and melee
   (+3).
   rPois:     It protects you from poison.
   Drain:     It drains your maximum health when unequipped.
   Will:      It increases your willpower.
 p - the ring "Dobbeij" (right hand) {Fly rF- Int+6 Slay+5 Stlth+}
   (You bought it in a shop on level 2 of the Snake Pit)

   [ring of intelligence]

   Int:       It affects your intelligence (+6).
   Slay:      It affects your accuracy & damage with ranged weapons and melee
   (+5).
   rF:        It makes you vulnerable to fire.
   Fly:       It grants you flight.
   Stlth:     It makes you more stealthy.
 z - a ring of protection from fire
 A - a ring of protection from fire
 Y - a +4 ring of protection
Scrolls
 e - 14 scrolls of identify
 j - 2 scrolls of enchant weapon
 r - 10 scrolls of teleportation
Potions
 a - 8 potions of might
 c - 2 potions of resistance
 g - 7 potions of haste
 h - 13 potions of mutation
 m - 16 potions of curing
 u - 2 potions of heal wounds
 w - a potion of cancellation

Dungeon Overview and Level Annotations

Branches:
Dungeon (15/15)            Temple (0/1) D:6            Lair (5/5) D:10
 Shoals (4/4) Lair:3        Snake (4/4) Lair:2        Slime (0/5) Lair:5
    Orc (2/2) D:10            Elf (0/3) Orc:2        Vaults (4/5) D:13
  Crypt (0/3) Vaults:3     Depths (3/4) D:15          Sewer (visited)

Altars:
Elyvilon
Uskayaw
Vehumet
Xom
Jiyva

Shops:
D:5 *   D:6 *   D:12 *   D:15 (   Orc:2 =:?(   Shoals:2 *   Snake:2 :==
Vaults:1 (   Depths:1 *

Portals:
Hell: Depths:1 Depths:2
Pandemonium: Depths:2
Ziggurat: Depths:2

Annotations:
D:3 1 runed translucent door, Crazy Yiuf
D:10 1 runed translucent door
Lair:5 1 runed translucent door
Shoals:1 1 runed translucent door, qw's ghost, journeyman MiBe
Orc:1 1 runed translucent door, tatocazan's ghost, journeyman MiFi
Vaults:1 2 transporters


Message History

The fire dragon is severely wounded.
You block the fire dragon's attack. x3
The fire dragon breathes flames at you. The blast of flame hits you!!!
The fire burns you terribly!
You hear a shout!
You slice the fire dragon!!
The fire dragon is almost dead.
You block the fire dragon's attack. x2
The fire dragon tramples you but does no damage.
You slash the fire dragon!
You kill the fire dragon!
Trog accepts your kill.
You start resting.
A tengu reaver comes into view. It is wielding a +0 long sword.
You hit the tengu reaver.
The tengu reaver is poisoned.
You headbutt the tengu reaver.
The tengu reaver is lightly wounded.
You block the tengu reaver's attack. x3
You slash the tengu reaver!
The tengu reaver is lightly wounded.
You block the tengu reaver's attack. x2
The tengu reaver claws you but does no damage.
The tengu reaver blocks your attack.
The tengu reaver is lightly wounded.
The tengu reaver gestures at you while chanting.
The bolt of lightning hits you. You resist.
You block the tengu reaver's attack.
The tengu reaver pecks you but does no damage.
You block the tengu reaver's attack. The tengu reaver blocks your attack. x2
The tengu reaver is lightly wounded.
The tengu reaver closely misses you. You furiously retaliate!
You headbutt the tengu reaver. The tengu reaver barely misses you.
You block the tengu reaver's attack.
You slash the tengu reaver!
The tengu reaver looks as sick as possible!
Your headbutt misses the tengu reaver.
The tengu reaver is moderately wounded.
The tengu reaver points at you and mumbles some strange words.
The bolt of fire hits you!!!! The fire burns you terribly!
You die...

#########
...#...##
.'.#..##
#Q....##
#@....#
##.)..#
###...#
#.##'##
#.#.%)#
#.#.#.#
#(#...#
#.#...#
#.'...#


You could see a tengu reaver (extremely poisoned).

Vanquished Creatures
  A juggernaut (Depths:3)
  Zenata (Vaults:1)
  Rupert (D:13)
  2 hellephants (Depths:1)
  A tentacled monstrosity (Depths:2)
  Jorgrun (D:14)
  A titan (Vaults:4)
  A kraken (Shoals:4)
  A sphinx (Vaults:4)
  Polyphemus (Shoals:2)
  Agnes (D:14)
  Gastronok (Lair:1)
  Frances (D:12)
  A shadow dragon (Depths:3)
  A storm dragon (Depths:2)
  Roxanne (D:14)
  3 tengu reavers
  Ilsuiw (Shoals:2)
  13 nagarajas
  A fire giant (Depths:3)
  Louise (D:14)
  3 frost giants
  8 vault wardens
  A caustic shrike zombie (Depths:2)
  Aizul (Shoals:3)
  7 ironbound preservers
  7 ironbound thunderhulks
  2 orc warlords
  A war gargoyle (Vaults:3)
  12 very ugly things
  8 stone giants
  3 vampire knights
  A deep elf demonologist (Vaults:4)
  Nessos (D:15)
  14 dire elephants
  5 spark wasps
  An ettin (Depths:3)
  5 fire dragons
  2 merfolk javelineers
  2 eidola (Vaults:3)
  A crystal guardian (Vaults:3)
  Josephine (Orc:1)
  8 yaktaur captains
  7 merfolk impalers
  7 great orbs of eyes
  2 rakshasas
  6 salamander tyrants
  5 hydras
  4 vault guards (Vaults:2)
  An ice dragon (Depths:2)
  A peacekeeper (Vaults:3)
  4 boulder beetles
  A hell beast (Depths:2)
  4 merfolk avatars
  13 naga warriors
  An alligator snapping turtle (Shoals:4)
  12 centaur warriors
  A catoblepas (Shoals:2)
  15 anacondas
  An ogre mage (D:13)
  5 merfolk aquamancers
  A satyr (Shoals:3)
  7 two-headed ogres
  10 ironbound frosthearts
  A death knight (D:14)
  A spriggan berserker (Depths:2)
  3 vampire magi
  A deep troll earth mage (Depths:3)
  4 death yaks (Shoals:2)
  2 deep troll shamans (Depths:3)
  4 orc high priests (Orc:2)
  8 hell hogs (Depths:1)
  7 shock serpents
  5 hell knights (Depths:2)
  12 naga sharpshooters
  A storm dragon zombie (Depths:2)
  Nergalle (Orc:1)
  A fire crab (Shoals:4)
  6 skeletal warriors
  5 salamander mystics
  An iron troll (Depths:3)
  A sea snake (shapeshifter) (Depths:2)
  19 deep trolls
  A flayed ghost (Depths:3)
  19 sea snakes
  10 wizards
  13 ironbound convokers
  6 lindwurms
  19 naga ritualists
  Pikel (D:4)
  A shadow dragon zombie (Vaults:3)
  29 harpies
  4 deep elf pyromancers
  23 mana vipers
  17 orc knights
  4 necromancers
  11 cyclopes
  A human zombie (Vaults:3)
  23 salamanders
  14 fauns
  43 ugly things
  A wolf spider (D:10)
  A shadow dragon skeleton (Depths:2)
  10 elephants (Lair:5)
  17 manticores
  Joseph (D:7)
  5 merfolk sirens
  16 naga magi
  53 black mambas
  7 water nymphs
  11 vault sentinels
  8 cane toads
  3 gargoyles
  9 guardian serpents
  A rust devil (Depths:2)
  An unseen horror (shapeshifter) (D:10)
  An unseen horror (D:12)
  A freezing wraith (D:15)
  2 rime drakes
  2 komodo dragons (Lair:5)
  Psyche (D:9)
  A yaktaur zombie (Vaults:3)
  An efreet (D:10)
  21 yaktaurs
  2 unseen horror zombies (D:9)
  A red devil (Depths:2)
  6 trolls
  19 merfolk
  A polar bear (shapeshifter) (Depths:3)
  Grinder (D:3)
  2 polar bears (Lair:5)
  7 hornets
  22 slime creatures
  6 wind drakes
  13 dream sheep
  15 snapping turtles
  10 blink frogs
  3 centaur simulacra
  3 vampires (D:10)
  13 water elementals
  16 wraiths
  Sigmund (D:2)
  13 spriggans (Lair:5)
  A fire bat (Shoals:4)
  3 wyverns
  3 shadows
  A fire elemental (D:15)
  2 basilisks
  A chaos spawn (Depths:2)
  37 yaks
  A human (shapeshifter) (D:13)
  A steam dragon (D:10)
  4 vampire mosquitoes
  A warg (Orc:2)
  Menkaure (D:7)
  46 nagas
  14 water moccasins
  A floating eye (shapeshifter) (D:10)
  8 acid dragons
  A glowing shapeshifter skeleton (Depths:2)
  A floating eye (Depths:2)
  37 orc warriors
  A sky beast (D:6)
  An ice beast (D:6)
  5 black bears (Lair:5)
  14 boggarts
  8 ogres
  22 centaurs
  30 wolves
  A phantom (D:5)
  A lemure (D:4)
  2 kobold brigands
  11 bullfrogs
  A necrophage (D:6)
  A wyvern zombie (D:9)
  5 scorpions
  9 wights
  39 killer bees
  3 howler monkeys
  9 electric eels
  A lava snake (D:15)
  8 jellies
  2 centaur zombies (D:9)
  5 hounds
  29 orc priests
  A gnoll bouda (D:8)
  5 iguanas
  Natasha (twice) (D:4)
  23 orc wizards
  A killer bee zombie (D:9)
  A howler monkey zombie (D:9)
  4 gnolls (D:8)
  9 adders
  2 river rats (Sewer)
  2 white imps
  6 worms
  A dart slug (D:1)
  106 orcs
  14 endoplasms
  7 giant cockroaches
  6 goblins
  4 hobgoblins (D:1)
  3 jackals (D:1)
  2 quokkas (D:5)
  9 ball pythons
  3 bats
  A frilled lizard (D:2)
  16 kobolds
  14 rats
  4 tentacles (Shoals:4)
1506 creatures vanquished.

Vanquished Creatures (collateral kills)
  A frost giant (Depths:2)
  A merfolk impaler (Shoals:2)
  An ettin (Depths:1)
  2 merfolk javelineers
  3 hydras
  A boulder beetle (D:13)
  A merfolk avatar (Shoals:4)
  An anaconda (Snake:3)
  A hell hog (Depths:1)
  2 naga sharpshooters (Snake:3)
  2 orc high priests (Orc:2)
  A salamander mystic (Snake:3)
  A fire crab (Shoals:4)
  A deep troll (Vaults:4)
  A mana viper (Snake:3)
  A black mamba (Snake:3)
  A merfolk siren (Shoals:2)
  A torpor snail (Lair:1)
  A cane toad (Lair:5)
  A komodo dragon (Lair:3)
  4 merfolk
  2 blink frogs (Lair:3)
  3 snapping turtles
  3 dream sheep (Lair:3)
  4 nagas (Snake:3)
  3 orc warriors (Orc:2)
  A boggart (D:14)
  A killer bee (Lair:3)
  An orc priest (Orc:2)
47 creatures vanquished.

Vanquished Creatures (others)
  An anaconda (Snake:2)
  A wizard (Depths:2)
  A manticore (Shoals:2)
  A merfolk (Shoals:3)
  A water elemental (Shoals:3)
  29 fungi
  129 plants
  2 withered plants (Shoals:1)
165 creatures vanquished.

Grand Total: 1718 creatures vanquished

Notes
Turn   | Place    | Note
-------+----------+-------------------------------------------
     0 | D:1      | qw the Minotaur Berserker began the quest for the Orb.
     0 | D:1      | Reached XP level 1. HP: 19/19 MP: 0/0
     0 | D:1      | 0 ||| qw: Version: 0.1-a-119-g272c26d
     0 | D:1      | 0 ||| qw: Game counter: 10945
     0 | D:1      | 0 ||| qw: Always use a shield: true
     0 | D:1      | 0 ||| qw: Do Orc after D:15 true
     0 | D:1      | 0 ||| qw: Do second Lair branch before Depths: true
     0 | D:1      | 0 ||| qw: Lair rune preference: random
     0 | D:1      | 0 ||| qw: Plans: Normal
     0 | D:1      | 0 ||| PLANNING D:1-11
    40 | D:1      | 40 ||| INVOKING Berserk.
    41 | D:1      | 41 ||| INVOKING Berserk.
    45 | D:1      | HP: 5/28 [goblin/+0 club (3)]
   372 | D:1      | Reached XP level 2. HP: 26/26 MP: 1/1
   474 | D:1      | 474 ||| Stepping ~*~*~tactically~*~*~ (stealth).
   583 | D:1      | 583 ||| Stepping ~*~*~tactically~*~*~ (stealth).
   616 | D:1      | Found a faded altar of an unknown god.
   808 | D:1      | 808 ||| Stepping ~*~*~tactically~*~*~ (hiding).
   809 | D:1      | 809 ||| Stepping ~*~*~tactically~*~*~ (hiding).
   824 | D:1      | Reached XP level 3. HP: 27/31 MP: 2/2
  1023 | D:1      | 1023 ||| UPGRADING to +0 ring mail.
  1033 | D:1      | 1033 ||| DROPPING +0 animal skin.
  1034 | D:1      | 1034 ||| UPGRADING to amulet of reflection.
  1039 | D:1      | 1039 ||| UPGRADING to ring of protection from cold.
  1040 | D:1      | 1040 ||| READING scroll labelled GUWNUO PUZI.
  1045 | D:1      | 1045 ||| READING scroll labelled PENOCW RIRER.
  1046 | D:1      | 1046 ||| READING scroll labelled EMMAMAFE PENLO.
  1245 | D:2      | 1245 ||| INVOKING Berserk.
  1381 | D:2      | 1381 ||| DROPPING +0 club.
  1397 | D:2      | 1397 ||| INVOKING Berserk.
  1898 | D:2      | Noticed Sigmund
  1906 | D:2      | 1906 ||| INVOKING Berserk.
  1907 | D:2      | Killed Sigmund
  1908 | D:2      | Reached XP level 4. HP: 26/39 MP: 3/3
  1908 | D:2      | Reached XP level 5. HP: 30/45 MP: 4/4
  2483 | D:2      | 2483 ||| UPGRADING to ring of positive energy.
  2484 | D:2      | 2484 ||| READING 3 scrolls labelled TISUMN ZUCOIH.
  2485 | D:2      | 2485 ||| READING scroll labelled JERERUI FUEMO.
  2486 | D:2      | 2486 ||| DRINKING 3 murky amethyst potions.
  2487 | D:2      | 2487 ||| READING 2 scrolls of identify.
  2487 | D:2      | 2487 ||| IDENTIFYING yellow potion
  2488 | D:2      | 2488 ||| DROPPING potion of degeneration.
  2583 | D:3      | You fall into a shaft and drop 2 floors!
  2583 | D:5      | Entered Level 5 of the Dungeon
  2601 | D:5      | 2601 ||| PLANNING SEWER
  2601 | D:5      | 2601 ||| SWAPPING to +0 war axe.
  2602 | D:5      | 2602 ||| DROPPING +0 hand axe.
  2676 | D:5      | 2676 ||| Stepping ~*~*~tactically~*~*~ (stealth).
  2680 | D:5      | 2680 ||| INVOKING Berserk.
  2684 | D:5      | Reached skill level 4 in Fighting
  2863 | D:5      | 2863 ||| Stepping ~*~*~tactically~*~*~ (hiding).
  3010 | D:5      | Reached XP level 6. HP: 53/53 MP: 5/5
  3104 | D:5      | Found a glowing drain.
  3105 | D:5      | 3105 ||| UPGRADING to +4 ring of evasion.
  3107 | D:5      | 3107 ||| UPGRADING to ring of protection from cold.
  3177 | D:5      | Reached ** piety under Trog
  3186 | Sewer    | Entered a sewer
  3334 | Sewer    | 3334 ||| INVOKING Berserk.
  3427 | Sewer    | 3427 ||| Stepping ~*~*~tactically~*~*~ (water).
  3428 | Sewer    | 3428 ||| INVOKING Berserk.
  3432 | Sewer    | Reached skill level 9 in Axes
  3580 | Sewer    | 3580 ||| INVOKING Berserk.
  3582 | Sewer    | Reached XP level 7. HP: 60/60 MP: 6/6
  3690 | Sewer    | 3690 ||| INVOKING Berserk.
  3694 | Sewer    | Reached skill level 5 in Fighting
  3750 | Sewer    | Found a viscous altar of Jiyva.
  3802 | Sewer    | 3802 ||| DRINKING 3 black potions.
  3803 | Sewer    | 3803 ||| DRINKING 2 fizzy puce potions.
  3804 | Sewer    | 3804 ||| DRINKING 2 bubbling clear potions.
  3805 | Sewer    | 3805 ||| DROPPING potion of invisibility.
  3806 | Sewer    | 3806 ||| DROPPING potion of magic.
  3826 | D:5      | 3826 ||| PLANNING D:1-11
  3858 | D:4      | 3858 ||| INVOKING Berserk.
  4013 | D:4      | Noticed Pikel
  4014 | D:4      | Noticed Natasha
  4016 | D:4      | 4016 ||| INVOKING Berserk.
  4022 | D:4      | Killed Pikel
  4023 | D:4      | Reached XP level 8. HP: 68/68 MP: 7/7
  4027 | D:4      | Reached skill level 1 in Throwing
  4032 | D:4      | Killed Natasha
  4127 | D:4      | 4127 ||| DROPPING +0 whip.
  4222 | D:4      | Noticed Natasha
  4223 | D:4      | 4223 ||| Stepping ~*~*~tactically~*~*~ (hiding).
  4224 | D:4      | 4224 ||| Stepping ~*~*~tactically~*~*~ (hiding).
  4230 | D:4      | Killed Natasha
  4374 | D:4      | 4374 ||| Stepping ~*~*~tactically~*~*~ (hiding).
  4375 | D:4      | 4375 ||| Stepping ~*~*~tactically~*~*~ (hiding).
  4381 | D:4      | 4381 ||| INVOKING Berserk.
  4471 | D:4      | 4471 ||| DROPPING +1 whip of flaming.
  4472 | D:4      | 4472 ||| READING 2 scrolls labelled YGHUEDO UCOKOE.
  4473 | D:4      | 4473 ||| READING scroll labelled ENUFI WOCS.
  4474 | D:4      | 4474 ||| DRINKING 4 pink potions.
  4475 | D:4      | 4475 ||| DROPPING scroll of poison.
  4476 | D:4      | 4476 ||| READING scroll of teleportation.
  4500 | D:4      | 4500 ||| DROPPING +0 flail.
  4551 | D:4      | 4551 ||| UPGRADING to +0 chain mail.
  4561 | D:4      | 4561 ||| DROPPING +0 ring mail.
  4573 | D:3      | 4573 ||| Stepping ~*~*~tactically~*~*~ (stealth).
  4591 | D:3      | Noticed Grinder
  4591 | D:3      | Paralysed by Grinder for 5 turns
  4596 | D:3      | 4596 ||| INVOKING Trog's Hand.
  4597 | D:3      | 4597 ||| INVOKING Berserk.
  4601 | D:3      | Killed Grinder
  4850 | D:3      | Found a runed translucent door.
  4851 | D:3      | Noticed Crazy Yiuf
  5024 | D:3      | 5024 ||| Stepping ~*~*~tactically~*~*~ (stealth).
  5027 | D:3      | 5027 ||| Stepping ~*~*~tactically~*~*~ (stealth).
  5034 | D:3      | Reached skill level 6 in Fighting
  5263 | D:3      | 5263 ||| READING scroll labelled KODIL NOJA.
  5364 | D:3      | 5364 ||| DRINKING 2 brown potions.
  5365 | D:3      | 5365 ||| READING 3 scrolls of identify.
  5365 | D:3      | 5365 ||| IDENTIFYING smoky silvery potion
  5366 | D:3      | 5366 ||| READING 2 scrolls of identify.
  5366 | D:3      | 5366 ||| IDENTIFYING inky potion
  5731 | D:4      | 5731 ||| UPGRADING to +0 cloak.
  5736 | D:4      | 5736 ||| READING 2 scrolls of identify.
  5736 | D:4      | 5736 ||| IDENTIFYING lumpy cyan potion
  5737 | D:4      | 5737 ||| DROPPING potion of berserk rage.
  5848 | D:5      | 5848 ||| INVOKING Berserk.
  5956 | D:5      | Found Caluek's Assorted Antiques.
  5960 | D:5      | 5960 ||| BUYING 3 scrolls labelled LURRITWUHIS (90 gold).
  5960 | D:5      | Bought 3 scrolls labelled LURRITWUHIS for 90 gold pieces
  5960 | D:5      | 5960 ||| BUYING blue potion (27 gold).
  5960 | D:5      | Bought a blue potion for 27 gold pieces
  5960 | D:5      | 5960 ||| BUYING blue potion (27 gold).
  5960 | D:5      | Bought a blue potion for 27 gold pieces
  6066 | D:5      | Reached skill level 12 in Axes
  6256 | D:5      | 6256 ||| INVOKING Berserk.
  6571 | D:5      | 6571 ||| READING 3 scrolls labelled LURRITWUHIS.
  6572 | D:5      | 6572 ||| DRINKING 2 blue potions.
  6573 | D:5      | 6573 ||| READING 3 scrolls of identify.
  6573 | D:5      | 6573 ||| IDENTIFYING ruby potion
  6574 | D:5      | 6574 ||| DROPPING 2 scrolls of blinking.
  6575 | D:5      | 6575 ||| DROPPING potion of lignification.
  6593 | D:6      | 6593 ||| INVOKING Berserk.
  6718 | D:6      | 6718 ||| Stepping ~*~*~tactically~*~*~ (stealth).
  6719 | D:6      | 6719 ||| Stepping ~*~*~tactically~*~*~ (stealth).
  6726 | D:6      | 6726 ||| Stepping ~*~*~tactically~*~*~ (stealth).
  6729 | D:6      | Reached skill level 7 in Fighting
  6749 | D:6      | 6749 ||| Stepping ~*~*~tactically~*~*~ (stealth).
  6751 | D:6      | Reached XP level 9. HP: 68/79 MP: 8/8
  6751 | D:6      | 6751 ||| Stepping ~*~*~tactically~*~*~ (stealth).
  6757 | D:6      | 6757 ||| FLEEEEING.
  6758 | D:6      | 6758 ||| FLEEEEING.
  6759 | D:6      | 6759 ||| FLEEEEING.
  6761 | D:6      | 6761 ||| STAIRDANCE
  6805 | D:6      | 6805 ||| STAIRDANCE
  6919 | D:6      | 6919 ||| Stepping ~*~*~tactically~*~*~ (stealth).
  6935 | D:6      | 6935 ||| READING scroll of enchant armour.
  6935 | D:6      | 6935 ||| ENCHANTING +0 cloak.
  7278 | D:6      | Found the +1 Delatra's gloves {ID++}
  7379 | D:6      | Reached *** piety under Trog
  7467 | D:6      | Found a staircase to the Ecumenical Temple.
  7530 | D:6      | 7530 ||| Stepping ~*~*~tactically~*~*~ (stealth).
  7531 | D:6      | 7531 ||| Stepping ~*~*~tactically~*~*~ (stealth).
  7560 | D:6      | Found Wunil's Assorted Antiques.
  7565 | D:6      | 7565 ||| INVOKING Berserk.
  7678 | D:6      | 7678 ||| BUYING 3 scrolls labelled ZIUCUU HEGAKEA (48
                  | gold).
  7678 | D:6      | Bought 3 scrolls labelled ZIUCUU HEGAKEA for 48 gold pieces
  7678 | D:6      | 7678 ||| BUYING coppery potion (14 gold).
  7678 | D:6      | Bought a coppery potion for 14 gold pieces
  7678 | D:6      | 7678 ||| BUYING scroll labelled FAZXIKHOCUT (16 gold).
  7678 | D:6      | Bought a scroll labelled FAZXIKHOCUT for 16 gold pieces
  7768 | D:6      | Reached skill level 8 in Fighting
  7893 | D:6      | 7893 ||| UPGRADING to +1 Delatra's gloves {ID++}.
  7898 | D:6      | 7898 ||| READING scroll labelled CEVENN RESETZ.
  8066 | D:6      | 8066 ||| READING 3 scrolls labelled ZIUCUU HEGAKEA.
  8067 | D:6      | 8067 ||| READING 2 scrolls labelled FAZXIKHOCUT.
  8068 | D:6      | 8068 ||| DRINKING 2 coppery potions.
  8069 | D:6      | 8069 ||| DROPPING potion of brilliance.
  8070 | D:6      | 8070 ||| DROPPING 2 scrolls of fear.
  8071 | D:6      | 8071 ||| DROPPING scroll of noise.
  8133 | D:7      | 8133 ||| Stepping ~*~*~tactically~*~*~ (hiding).
  8204 | D:7      | Noticed Menkaure
  8205 | D:7      | 8205 ||| Stepping ~*~*~tactically~*~*~ (hiding).
  8207 | D:7      | 8207 ||| Stepping ~*~*~tactically~*~*~ (hiding).
  8213 | D:7      | 8213 ||| INVOKING Berserk.
  8216 | D:7      | Killed Menkaure
  8434 | D:7      | 8434 ||| Stepping ~*~*~tactically~*~*~ (hiding).
  8436 | D:7      | 8436 ||| Stepping ~*~*~tactically~*~*~ (hiding).
  8438 | D:7      | 8438 ||| DRINKING 2 potions of curing.
  8438 | D:7      | 8438 ||| (to cure confusion)
  8439 | D:7      | 8439 ||| INVOKING Berserk.
  8460 | D:7      | 8460 ||| DRINKING potion of curing.
  8460 | D:7      | 8460 ||| (to cure confusion)
  8852 | D:7      | Noticed Joseph
  8866 | D:7      | Killed Joseph
  9118 | D:7      | 9118 ||| UPGRADING to +3 chain mail.
  9128 | D:7      | 9128 ||| DROPPING +0 chain mail.
  9129 | D:7      | 9129 ||| DROPPING amulet of guardian spirit.
  9240 | D:8      | 9240 ||| INVOKING Berserk.
  9358 | D:8      | 9358 ||| Stepping ~*~*~tactically~*~*~ (stealth).
  9361 | D:8      | 9361 ||| Stepping ~*~*~tactically~*~*~ (stealth).
  9363 | D:8      | 9363 ||| Stepping ~*~*~tactically~*~*~ (stealth).
  9496 | D:8      | 9496 ||| Stepping ~*~*~tactically~*~*~ (stealth).
  9497 | D:8      | 9497 ||| Stepping ~*~*~tactically~*~*~ (stealth).
  9612 | D:8      | Found a flagged portal.
  9717 | D:8      | 9717 ||| Stepping ~*~*~tactically~*~*~ (stealth).
  9721 | D:8      | Reached skill level 3 in Dodging
  9721 | D:8      | Reached XP level 10. HP: 81/88 MP: 9/9
  9733 | D:8      | 9733 ||| INVOKING Berserk.
  9736 | D:8      | Reached **** piety under Trog
  9844 | D:8      | 9844 ||| INVOKING Berserk.
 10355 | D:8      | 10355 ||| UPGRADING to +0 plate armour.
 10365 | D:8      | 10365 ||| DROPPING +3 chain mail.
 10366 | D:8      | 10366 ||| READING 6 scrolls of identify.
 10366 | D:8      | 10366 ||| IDENTIFYING dark potion
 10367 | D:8      | 10367 ||| DROPPING potion of ambrosia.
 10423 | D:9      | 10423 ||| FLEEEEING.
 10424 | D:9      | 10424 ||| FLEEEEING.
 10430 | D:9      | 10430 ||| FLEEEEING.
 10431 | D:9      | 10431 ||| FLEEEEING.
 10432 | D:9      | 10432 ||| FLEEEEING.
 10433 | D:9      | 10433 ||| FLEEEEING.
 10434 | D:9      | 10434 ||| FLEEEEING.
 10437 | D:9      | 10437 ||| FLEEEEING.
 10446 | D:9      | 10446 ||| STAIRDANCE
 10875 | D:9      | Noticed Psyche
 10876 | D:9      | 10876 ||| INVOKING Berserk.
 10879 | D:9      | Reached skill level 15 in Axes
 10890 | D:9      | Killed Psyche
 11066 | D:9      | 11066 ||| Stepping ~*~*~tactically~*~*~ (stealth).
 11071 | D:9      | 11071 ||| Stepping ~*~*~tactically~*~*~ (hiding).
 11074 | D:9      | 11074 ||| Stepping ~*~*~tactically~*~*~ (hiding).
 11079 | D:9      | Reached skill level 9 in Fighting
 11100 | D:9      | 11100 ||| Stepping ~*~*~tactically~*~*~ (stealth).
 11156 | D:9      | 11156 ||| FLEEEEING.
 11157 | D:9      | 11157 ||| FLEEEEING.
 11158 | D:9      | 11158 ||| FLEEEEING.
 11159 | D:9      | 11159 ||| FLEEEEING.
 11160 | D:9      | 11160 ||| FLEEEEING.
 11164 | D:9      | 11164 ||| FLEEEEING.
 11166 | D:9      | 11166 ||| FLEEEEING.
 11168 | D:9      | 11168 ||| FLEEEEING.
 11169 | D:9      | 11169 ||| FLEEEEING.
 11170 | D:9      | 11170 ||| FLEEEEING.
 11171 | D:9      | 11171 ||| FLEEEEING.
 11444 | D:9      | Noticed a two-headed ogre
 11445 | D:9      | 11445 ||| FLEEEEING.
 11446 | D:9      | 11446 ||| FLEEEEING.
 11458 | D:9      | 11458 ||| INVOKING Berserk.
 11460 | D:9      | Killed a two-headed ogre
 11461 | D:9      | Reached skill level 9 in Armour
 11467 | D:9      | 11467 ||| Stepping ~*~*~tactically~*~*~ (hiding).
 11539 | D:9      | 11539 ||| Stepping ~*~*~tactically~*~*~ (stealth).
 11540 | D:9      | 11540 ||| Stepping ~*~*~tactically~*~*~ (stealth).
 11595 | D:9      | 11595 ||| READING scroll labelled ARECYO LENOTIORCHAN.
 11596 | D:9      | 11596 ||| READING 6 scrolls of identify.
 11596 | D:9      | 11596 ||| IDENTIFYING white potion
 11597 | D:9      | 11597 ||| DROPPING potion of flight.
 11613 | D:10     | Entered Level 10 of the Dungeon
 11619 | D:10     | Found a radiant altar of Vehumet.
 11638 | D:10     | 11638 ||| Stepping ~*~*~tactically~*~*~ (hiding).
 11882 | D:10     | 11882 ||| Stepping ~*~*~tactically~*~*~ (stealth).
 11885 | D:10     | 11885 ||| Stepping ~*~*~tactically~*~*~ (stealth).
 11888 | D:10     | 11888 ||| Stepping ~*~*~tactically~*~*~ (stealth).
 11908 | D:10     | 11908 ||| FLEEEEING.
 11909 | D:10     | 11909 ||| FLEEEEING.
 11910 | D:10     | 11910 ||| FLEEEEING.
 11911 | D:10     | 11911 ||| FLEEEEING.
 11912 | D:10     | 11912 ||| FLEEEEING.
 11913 | D:10     | 11913 ||| FLEEEEING.
 11916 | D:10     | 11916 ||| FLEEEEING.
 11917 | D:10     | 11917 ||| FLEEEEING.
 11918 | D:10     | 11918 ||| STAIRDANCE
 12083 | D:10     | 12083 ||| STAIRDANCE
 12107 | D:10     | 12107 ||| Stepping ~*~*~tactically~*~*~ (stealth).
 12136 | D:10     | 12136 ||| Stepping ~*~*~tactically~*~*~ (stealth).
 12143 | D:10     | Reached XP level 11. HP: 91/97 MP: 10/10
 12194 | D:10     | 12194 ||| Stepping ~*~*~tactically~*~*~ (stealth).
 12196 | D:10     | 12196 ||| Stepping ~*~*~tactically~*~*~ (stealth).
 12213 | D:10     | Reached skill level 10 in Fighting
 12247 | D:10     | Noticed a wolf spider
 12248 | D:10     | 12248 ||| INVOKING Berserk.
 12253 | D:10     | Killed a wolf spider
 12306 | D:10     | 12306 ||| Stepping ~*~*~tactically~*~*~ (stealth).
 12313 | D:10     | Identified the +5 dire flail of Kindness {holy, rElec rPois
                  | Will++ Str-3}
 12318 | D:10     | Identified the +8 broad axe of Jocular Judgement {venom,
                  | rElec Str+4 Dex-3}
 12320 | D:10     | 12320 ||| SWAPPING to +8 broad axe of Jocular Judgement
                  | {venom, rElec Str+4 Dex-3}.
 12321 | D:10     | 12321 ||| DROPPING +0 war axe.
 12326 | D:10     | Noticed a two-headed ogre
 12328 | D:10     | Noticed a two-headed ogre
 12329 | D:10     | Paralysed by a floating eye for 3 turns
 12334 | D:10     | 12334 ||| INVOKING Berserk.
 12338 | D:10     | Killed a two-headed ogre
 12341 | D:10     | Killed a two-headed ogre
 12379 | D:10     | 12379 ||| FLEEEEING.
 12475 | D:10     | 12475 ||| Stepping ~*~*~tactically~*~*~ (hiding).
 12484 | D:10     | 12484 ||| Stepping ~*~*~tactically~*~*~ (stealth).
 12486 | D:10     | 12486 ||| Stepping ~*~*~tactically~*~*~ (stealth).
 12487 | D:10     | 12487 ||| Stepping ~*~*~tactically~*~*~ (stealth).
 12498 | D:10     | Found a runed translucent door.
 12499 | D:10     | Noticed a centaur warrior
 12500 | D:10     | 12500 ||| READING 6 scrolls of teleportation.
 12524 | D:10     | 12524 ||| Stepping ~*~*~tactically~*~*~ (hiding).
 12530 | D:10     | 12530 ||| INVOKING Berserk.
 12682 | D:10     | Found a staircase to the Orcish Mines.
 12688 | D:10     | Killed a centaur warrior
 12739 | D:10     | 12739 ||| FLEEEEING.
 12817 | D:10     | 12817 ||| Stepping ~*~*~tactically~*~*~ (stealth).
 13149 | D:10     | Found a staircase to the Lair.
 13189 | D:10     | 13189 ||| Stepping ~*~*~tactically~*~*~ (hiding).
 13302 | D:10     | 13302 ||| READING scroll of enchant armour.
 13302 | D:10     | 13302 ||| ENCHANTING +1 cloak.
 13410 | D:10     | 13410 ||| PLANNING LAIR
 13410 | D:10     | 13410 ||| DROPPING ring of flight.
 13411 | D:10     | 13411 ||| READING scroll labelled ZUELIEJECO.
 13469 | Lair:1   | Entered Level 1 of the Lair of Beasts
 13477 | Lair:1   | 13477 ||| INVOKING Berserk.
 13634 | Lair:1   | Reached ***** piety under Trog
 13635 | Lair:1   | Noticed Gastronok
 13639 | Lair:1   | Reached skill level 18 in Axes
 13649 | Lair:1   | 13649 ||| INVOKING Berserk.
 13651 | Lair:1   | Reached skill level 11 in Fighting
 13666 | Lair:1   | Killed Gastronok
 13667 | Lair:1   | Reached XP level 12. HP: 108/110 MP: 11/11
 13683 | Lair:1   | 13683 ||| INVOKING Brothers in Arms.
 13684 | Lair:1   | 13684 ||| INVOKING Brothers in Arms.
 14161 | Lair:1   | You fall into a shaft and drop 1 floor!
 14176 | Lair:2   | 14176 ||| INVOKING Berserk.
 14189 | Lair:2   | Reached skill level 12 in Fighting
 14192 | Lair:2   | 14192 ||| INVOKING Brothers in Arms.
 14277 | Lair:2   | 14277 ||| UPGRADING to +2 hat.
 14534 | Lair:2   | 14534 ||| Stepping ~*~*~tactically~*~*~ (stealth).
 14535 | Lair:2   | 14535 ||| Stepping ~*~*~tactically~*~*~ (stealth).
 14616 | Lair:2   | 14616 ||| INVOKING Berserk.
 14638 | Lair:2   | 14638 ||| Stepping ~*~*~tactically~*~*~ (stealth).
 14639 | Lair:2   | 14639 ||| Stepping ~*~*~tactically~*~*~ (stealth).
 14646 | Lair:2   | 14646 ||| Stepping ~*~*~tactically~*~*~ (stealth).
 14650 | Lair:2   | 14650 ||| Stepping ~*~*~tactically~*~*~ (stealth).
 14655 | Lair:2   | 14655 ||| Stepping ~*~*~tactically~*~*~ (stealth).
 14657 | Lair:2   | 14657 ||| Stepping ~*~*~tactically~*~*~ (stealth).
 14718 | Lair:2   | Found a staircase to the Snake Pit.
 14810 | Lair:2   | Noticed an eight-headed hydra
 14811 | Lair:2   | 14811 ||| INVOKING Brothers in Arms.
 14813 | Lair:2   | 14813 ||| SWAPPING to +0 morningstar.
 14814 | Lair:2   | 14814 ||| INVOKING Berserk.
 14817 | Lair:2   | Killed an eight-headed hydra
 14837 | Lair:2   | Noticed an eight-headed hydra
 14838 | Lair:2   | 14838 ||| SWAPPING to +8 broad axe of Jocular Judgement
                  | {venom, rElec Str+4 Dex-3}.
 14840 | Lair:2   | 14840 ||| INVOKING Brothers in Arms.
 14841 | Lair:2   | 14841 ||| SWAPPING to +0 morningstar.
 14843 | Lair:2   | Killed an eight-headed hydra
 14844 | Lair:2   | Reached skill level 13 in Fighting
 14844 | Lair:2   | 14844 ||| SWAPPING to +8 broad axe of Jocular Judgement
                  | {venom, rElec Str+4 Dex-3}.
 14992 | Lair:2   | 14992 ||| Stepping ~*~*~tactically~*~*~ (stealth).
 14997 | Lair:2   | 14997 ||| Stepping ~*~*~tactically~*~*~ (stealth).
 15000 | Lair:2   | 15000 ||| INVOKING Berserk.
 15008 | Lair:2   | Reached skill level 3 in Throwing
 15208 | Lair:2   | Noticed a boulder beetle
 15209 | Lair:2   | 15209 ||| INVOKING Berserk.
 15221 | Lair:2   | Killed a boulder beetle
 15827 | Lair:3   | 15827 ||| Stepping ~*~*~tactically~*~*~ (stealth).
 15830 | Lair:3   | 15830 ||| Stepping ~*~*~tactically~*~*~ (stealth).
 15845 | Lair:3   | Reached skill level 12 in Armour
 15872 | Lair:3   | 15872 ||| Stepping ~*~*~tactically~*~*~ (stealth).
 15903 | Lair:3   | 15903 ||| Stepping ~*~*~tactically~*~*~ (stealth).
 15922 | Lair:3   | 15922 ||| INVOKING Berserk.
 15939 | Lair:3   | 15939 ||| Stepping ~*~*~tactically~*~*~ (stealth).
 15947 | Lair:3   | 15947 ||| Stepping ~*~*~tactically~*~*~ (stealth).
 15981 | Lair:3   | 15981 ||| Stepping ~*~*~tactically~*~*~ (stealth).
 15986 | Lair:3   | 15986 ||| Stepping ~*~*~tactically~*~*~ (stealth).
 16022 | Lair:3   | 16022 ||| Stepping ~*~*~tactically~*~*~ (stealth).
 16068 | Lair:3   | 16068 ||| Stepping ~*~*~tactically~*~*~ (stealth).
 16077 | Lair:3   | 16077 ||| Stepping ~*~*~tactically~*~*~ (stealth).
 16083 | Lair:3   | 16083 ||| Stepping ~*~*~tactically~*~*~ (stealth).
 16084 | Lair:3   | 16084 ||| Stepping ~*~*~tactically~*~*~ (stealth).
 16112 | Lair:3   | Noticed a four-headed hydra
 16113 | Lair:3   | 16113 ||| INVOKING Brothers in Arms.
 16115 | Lair:3   | 16115 ||| SWAPPING to +0 morningstar.
 16116 | Lair:3   | Killed a four-headed hydra
 16117 | Lair:3   | 16117 ||| SWAPPING to +8 broad axe of Jocular Judgement
                  | {venom, rElec Str+4 Dex-3}.
 16121 | Lair:3   | 16121 ||| INVOKING Berserk.
 16122 | Lair:3   | Reached skill level 14 in Fighting
 16142 | Lair:3   | Reached XP level 13. HP: 117/124 MP: 12/12
 16288 | Lair:3   | Found a staircase to the Shoals.
 16572 | Lair:3   | 16572 ||| Stepping ~*~*~tactically~*~*~ (hiding).
 16573 | Lair:3   | 16573 ||| Stepping ~*~*~tactically~*~*~ (hiding).
 16906 | Lair:3   | 16906 ||| DROPPING +1 cloak.
 16948 | Lair:4   | 16948 ||| READING scroll of enchant armour.
 16948 | Lair:4   | 16948 ||| ENCHANTING +0 plate armour.
 17227 | Lair:4   | 17227 ||| INVOKING Berserk.
 17375 | Lair:4   | Found a white marble altar of Elyvilon.
 17418 | Lair:4   | 17418 ||| Stepping ~*~*~tactically~*~*~ (stealth).
 17652 | Lair:4   | 17652 ||| Stepping ~*~*~tactically~*~*~ (stealth).
 17654 | Lair:4   | 17654 ||| Stepping ~*~*~tactically~*~*~ (stealth).
 17669 | Lair:4   | 17669 ||| INVOKING Brothers in Arms.
 17670 | Lair:4   | 17670 ||| INVOKING Brothers in Arms.
 17672 | Lair:4   | 17672 ||| SWAPPING to +0 morningstar.
 17673 | Lair:4   | 17673 ||| INVOKING Berserk.
 17689 | Lair:4   | 17689 ||| SWAPPING to +8 broad axe of Jocular Judgement
                  | {venom, rElec Str+4 Dex-3}.
 18113 | Lair:5   | Entered Level 5 of the Lair of Beasts
 18175 | Lair:5   | Found a runed translucent door.
 18177 | Lair:5   | Found a viscous altar of Jiyva.
 18178 | Lair:5   | Noticed an azure jelly
 18206 | Lair:5   | Found a staircase to the Slime Pits.
 18206 | Lair:5   | Noticed an azure jelly
 18243 | Lair:5   | 18243 ||| INVOKING Brothers in Arms.
 18244 | Lair:5   | 18244 ||| INVOKING Brothers in Arms.
 18245 | Lair:5   | 18245 ||| INVOKING Brothers in Arms.
 18247 | Lair:5   | 18247 ||| SWAPPING to +0 morningstar.
 18248 | Lair:5   | 18248 ||| INVOKING Berserk.
 18253 | Lair:5   | Reached skill level 15 in Fighting
 18260 | Lair:5   | Reached skill level 6 in Dodging
 18277 | Lair:5   | 18277 ||| SWAPPING to +8 broad axe of Jocular Judgement
                  | {venom, rElec Str+4 Dex-3}.
 18352 | Lair:5   | 18352 ||| Stepping ~*~*~tactically~*~*~ (stealth).
 18361 | Lair:5   | 18361 ||| INVOKING Berserk.
 18370 | Lair:5   | 18370 ||| Stepping ~*~*~tactically~*~*~ (stealth).
 18372 | Lair:5   | 18372 ||| Stepping ~*~*~tactically~*~*~ (stealth).
 18403 | Lair:5   | 18403 ||| FLEEEEING.
 18404 | Lair:5   | 18404 ||| FLEEEEING.
 18406 | Lair:5   | 18406 ||| FLEEEEING.
 18407 | Lair:5   | 18407 ||| FLEEEEING.
 18408 | Lair:5   | 18408 ||| FLEEEEING.
 18409 | Lair:5   | 18409 ||| FLEEEEING.
 18410 | Lair:5   | 18410 ||| FLEEEEING.
 18412 | Lair:5   | 18412 ||| INVOKING Berserk.
 18563 | Lair:5   | 18563 ||| INVOKING Berserk.
 18580 | Lair:5   | Reached skill level 16 in Fighting
 18595 | Lair:5   | HP: 32/128 [cane toad (10)]
 18596 | Lair:5   | 18596 ||| READING 10 scrolls of teleportation.
 18596 | Lair:5   | HP: 15/128 [poisoned by a cane toad]
 18597 | Lair:5   | 18597 ||| DRINKING 5 potions of heal wounds.
 18598 | Lair:5   | 18598 ||| DRINKING 4 potions of heal wounds.
 18701 | Lair:5   | 18701 ||| Invisible monster not found???
 18960 | Lair:5   | 18960 ||| INVOKING Berserk.
 19214 | Lair:5   | 19214 ||| INVOKING Berserk.
 19344 | Lair:5   | 19344 ||| Stepping ~*~*~tactically~*~*~ (stealth).
 19372 | Lair:5   | 19372 ||| FLEEEEING.
 19535 | Lair:5   | 19535 ||| INVOKING Berserk.
 19706 | Lair:5   | 19706 ||| DRINKING potion of cancellation.
 19728 | Lair:5   | Reached skill level 17 in Fighting
 19767 | Lair:5   | 19767 ||| INVOKING Berserk.
 19930 | Lair:5   | 19930 ||| Stepping ~*~*~tactically~*~*~ (stealth).
 19936 | Lair:5   | 19936 ||| INVOKING Berserk.
 19957 | Lair:5   | Reached XP level 14. HP: 119/140 MP: 13/13
 20026 | Lair:5   | 20026 ||| Stepping ~*~*~tactically~*~*~ (stealth).
 20048 | Lair:5   | 20048 ||| INVOKING Berserk.
 20198 | Lair:5   | 20198 ||| Stepping ~*~*~tactically~*~*~ (stealth).
 20583 | Lair:5   | 20583 ||| PLANNING D:1-11
 20583 | Lair:5   | 20583 ||| UPGRADING to +2 buckler.
 20588 | Lair:5   | 20588 ||| DROPPING +0 buckler.
 20589 | Lair:5   | 20589 ||| DROPPING +1 pair of gloves.
 20590 | Lair:5   | 20590 ||| DROPPING ring of positive energy.
 20591 | Lair:5   | 20591 ||| UPGRADING to +4 ring of protection.
 20593 | Lair:5   | 20593 ||| DROPPING ring of protection from cold.
 20594 | Lair:5   | 20594 ||| READING scroll labelled AQUN CUDUNIL.
 20594 | Lair:5   | Identified a scroll of acquirement
 20594 | Lair:5   | 20594 ||| ACQUIRING 1013 gold pieces
 20594 | Lair:5   | Acquired 1013 gold pieces
 20767 | D:11     | 20767 ||| FLEEEEING.
 20768 | D:11     | 20768 ||| FLEEEEING.
 20769 | D:11     | 20769 ||| FLEEEEING.
 20770 | D:11     | 20770 ||| FLEEEEING.
 20771 | D:11     | 20771 ||| FLEEEEING.
 20772 | D:11     | 20772 ||| FLEEEEING.
 20773 | D:11     | 20773 ||| FLEEEEING.
 20774 | D:11     | 20774 ||| FLEEEEING.
 20775 | D:11     | 20775 ||| FLEEEEING.
 20776 | D:11     | 20776 ||| FLEEEEING.
 20777 | D:11     | 20777 ||| FLEEEEING.
 20781 | D:11     | Reached skill level 1 in Shields
 20937 | D:11     | 20937 ||| Stepping ~*~*~tactically~*~*~ (hiding).
 21069 | D:11     | Reached skill level 3 in Shields
 21428 | D:11     | 21428 ||| READING scroll of acquirement.
 21428 | D:11     | 21428 ||| ACQUIRING +1 pair of boots of rampaging
 21428 | D:11     | Acquired a +1 pair of boots of rampaging
 21430 | D:11     | 21430 ||| UPGRADING to +1 pair of boots of rampaging.
 21752 | D:11     | 21752 ||| PLANNING D
 21938 | D:12     | 21938 ||| Stepping ~*~*~tactically~*~*~ (stealth).
 21940 | D:12     | 21940 ||| Stepping ~*~*~tactically~*~*~ (stealth).
 21941 | D:12     | 21941 ||| Stepping ~*~*~tactically~*~*~ (stealth).
 21943 | D:12     | 21943 ||| INVOKING Brothers in Arms.
 21944 | D:12     | 21944 ||| INVOKING Brothers in Arms.
 21945 | D:12     | 21945 ||| SWAPPING to +0 morningstar.
 21946 | D:12     | 21946 ||| INVOKING Berserk.
 21958 | D:12     | 21958 ||| SWAPPING to +8 broad axe of Jocular Judgement
                  | {venom, rElec Str+4 Dex-3}.
 22090 | D:12     | Noticed Frances
 22092 | D:12     | 22092 ||| INVOKING Berserk.
 22099 | D:12     | Killed Frances
 22100 | D:12     | Reached skill level 6 in Shields
 22516 | D:12     | 22516 ||| INVOKING Berserk.
 22532 | D:12     | Reached skill level 9 in Shields
 22810 | D:12     | 22810 ||| FLEEEEING.
 22811 | D:12     | 22811 ||| FLEEEEING.
 22812 | D:12     | 22812 ||| FLEEEEING.
 22822 | D:12     | 22822 ||| STAIRDANCE
 22895 | D:11     | 22895 ||| DROPPING +1 cloak.
 22896 | D:11     | 22896 ||| READING scroll labelled NENYOF RETAVES.
 23127 | D:12     | 23127 ||| FLEEEEING.
 23128 | D:12     | 23128 ||| FLEEEEING.
 23129 | D:12     | 23129 ||| FLEEEEING.
 23294 | D:12     | 23294 ||| FLEEEEING.
 23295 | D:12     | 23295 ||| FLEEEEING.
 23296 | D:12     | 23296 ||| FLEEEEING.
 23297 | D:12     | 23297 ||| FLEEEEING.
 23298 | D:12     | 23298 ||| FLEEEEING.
 23299 | D:12     | 23299 ||| FLEEEEING.
 23300 | D:12     | 23300 ||| FLEEEEING.
 23307 | D:12     | 23307 ||| STAIRDANCE
 23432 | D:12     | Found Vafippad's Assorted Antiques.
 23674 | D:13     | 23674 ||| INVOKING Brothers in Arms.
 23835 | D:13     | 23835 ||| Stepping ~*~*~tactically~*~*~ (stealth).
 23836 | D:13     | 23836 ||| INVOKING Brothers in Arms.
 23839 | D:13     | 23839 ||| SWAPPING to +0 morningstar.
 23840 | D:13     | 23840 ||| INVOKING Berserk.
 23846 | D:13     | 23846 ||| SWAPPING to +8 broad axe of Jocular Judgement
                  | {venom, rElec Str+4 Dex-3}.
 23918 | D:13     | Reached skill level 15 in Armour
 24076 | D:13     | 24076 ||| INVOKING Trog's Hand.
 24083 | D:13     | 24083 ||| INVOKING Berserk.
 24084 | D:13     | Noticed an ironbound preserver
 24097 | D:13     | Killed an ironbound preserver
 24102 | D:13     | Found a gate to the Vaults.
 24151 | D:13     | Noticed Rupert
 24152 | D:13     | 24152 ||| FLEEEEING.
 24152 | D:13     | Paralysed by Rupert for 2 turns
 24154 | D:13     | 24154 ||| FLEEEEING.
 24158 | D:13     | 24158 ||| FLEEEEING.
 24159 | D:13     | 24159 ||| INVOKING Trog's Hand.
 24162 | D:13     | 24162 ||| INVOKING Berserk.
 24168 | D:13     | Killed Rupert
 24954 | D:12     | 24954 ||| BUYING 2 smoky sapphire potions (48 gold).
 24954 | D:12     | Bought 2 smoky sapphire potions for 48 gold pieces
 24954 | D:12     | 24954 ||| BUYING pair of embroidered gloves (202 gold).
 24954 | D:12     | Bought a pair of embroidered gloves for 202 gold pieces
 24954 | D:12     | 24954 ||| BUYING potion of curing (81 gold).
 24954 | D:12     | Bought a potion of curing for 81 gold pieces
 24954 | D:12     | 24954 ||| BUYING potion of curing (81 gold).
 24954 | D:12     | Bought a potion of curing for 81 gold pieces
 24954 | D:12     | 24954 ||| BUYING potion of might (108 gold).
 24954 | D:12     | Bought a potion of might for 108 gold pieces
 24954 | D:12     | 24954 ||| DROPPING +0 pair of gloves of stealth.
 24955 | D:12     | 24955 ||| DRINKING 2 smoky sapphire potions.
 24956 | D:12     | 24956 ||| DROPPING potion of attraction.
 24986 | D:14     | 24986 ||| STAIRDANCE
 24991 | D:14     | 24991 ||| STAIRDANCE
 24997 | D:14     | Noticed Roxanne
 25003 | D:14     | 25003 ||| INVOKING Berserk.
 25016 | D:14     | Killed Roxanne
 25029 | D:14     | Reached XP level 15. HP: 92/147 MP: 14/14
 25029 | D:14     | Noticed Jorgrun
 25034 | D:14     | 25034 ||| DRINKING potion of cancellation.
 25034 | D:14     | HP: 31/147 [red ugly thing (21)]
 25035 | D:14     | 25035 ||| READING 10 scrolls of teleportation.
 25036 | D:14     | 25036 ||| DRINKING 4 potions of heal wounds.
 25039 | D:14     | 25039 ||| INVOKING Brothers in Arms.
 25047 | D:14     | HP: 22/147 [guardian serpent (shapeshifter)[a boggart]
                  | (17)]
 25048 | D:14     | 25048 ||| READING 9 scrolls of teleportation.
 25049 | D:14     | 25049 ||| DRINKING 3 potions of heal wounds.
 25082 | D:14     | 25082 ||| Stepping ~*~*~tactically~*~*~ (hiding).
 25084 | D:14     | 25084 ||| INVOKING Berserk.
 25085 | D:14     | HP: 50/220 [constriction (19)]
 25092 | D:14     | HP: 33/220 [constriction (3)]
 25094 | D:14     | Killed Jorgrun
 25129 | D:14     | 25129 ||| Stepping ~*~*~tactically~*~*~ (stealth).
 25146 | D:14     | HP: 28/148 [centaur warrior/arrow (16)]
 25147 | D:14     | 25147 ||| READING 8 scrolls of teleportation.
 25148 | D:14     | 25148 ||| DRINKING 2 potions of heal wounds.
 25150 | D:14     | 25150 ||| INVOKING Berserk.
 25179 | D:14     | 25179 ||| INVOKING Trog's Hand.
 25263 | D:14     | Reached skill level 18 in Fighting
 25309 | D:14     | Found a hide-covered altar of Uskayaw.
 25309 | D:14     | Identified the +0 tower shield "Yssacw" {Int+4 Stlth+}
 25309 | D:14     | Noticed Louise
 25310 | D:14     | 25310 ||| INVOKING Trog's Hand.
 25315 | D:14     | 25315 ||| INVOKING Berserk.
 25323 | D:14     | Killed Louise
 25369 | D:14     | 25369 ||| DROPPING +0 morningstar.
 25373 | D:14     | 25373 ||| READING scroll of enchant armour.
 25373 | D:14     | 25373 ||| ENCHANTING +1 pair of boots of rampaging.
 25445 | D:14     | Noticed Agnes
 25447 | D:14     | 25447 ||| INVOKING Berserk.
 25458 | D:14     | Killed Agnes
 25462 | D:14     | 25462 ||| FLEEEEING.
 25463 | D:14     | 25463 ||| FLEEEEING.
 25464 | D:14     | 25464 ||| FLEEEEING.
 25465 | D:14     | 25465 ||| FLEEEEING.
 25466 | D:14     | 25466 ||| FLEEEEING.
 25467 | D:14     | 25467 ||| FLEEEEING.
 25468 | D:14     | 25468 ||| FLEEEEING.
 25469 | D:14     | 25469 ||| FLEEEEING.
 25470 | D:14     | 25470 ||| FLEEEEING.
 25471 | D:14     | 25471 ||| FLEEEEING.
 25472 | D:14     | 25472 ||| FLEEEEING.
 25473 | D:14     | 25473 ||| FLEEEEING.
 25474 | D:14     | 25474 ||| FLEEEEING.
 25475 | D:14     | 25475 ||| FLEEEEING.
 25476 | D:14     | 25476 ||| FLEEEEING.
 25477 | D:14     | 25477 ||| FLEEEEING.
 25478 | D:14     | 25478 ||| FLEEEEING.
 25479 | D:14     | 25479 ||| FLEEEEING.
 25480 | D:14     | 25480 ||| FLEEEEING.
 25481 | D:14     | 25481 ||| FLEEEEING.
 25482 | D:14     | 25482 ||| FLEEEEING.
 25483 | D:14     | 25483 ||| FLEEEEING.
 25484 | D:14     | 25484 ||| FLEEEEING.
 25485 | D:14     | 25485 ||| STAIRDANCE
 25548 | D:13     | 25548 ||| UPGRADING to +0 tower shield "Yssacw" {Int+4
                  | Stlth+}.
 25558 | D:13     | 25558 ||| DROPPING +2 buckler.
 25561 | D:14     | 25561 ||| STAIRDANCE
 25818 | D:14     | 25818 ||| READING scroll of enchant armour.
 25818 | D:14     | 25818 ||| ENCHANTING +1 plate armour.
 25889 | D:15     | Entered Level 15 of the Dungeon
 25890 | D:15     | 25890 ||| PLANNING GAUNTLET
 25892 | D:15     | 25892 ||| INVOKING Berserk.
 26033 | D:15     | 26033 ||| INVOKING Berserk.
 26191 | D:15     | Noticed Nessos
 26194 | D:15     | Killed Nessos
 26199 | D:15     | 26199 ||| FLEEEEING.
 26200 | D:15     | 26200 ||| FLEEEEING.
 26201 | D:15     | 26201 ||| FLEEEEING.
 26202 | D:15     | 26202 ||| FLEEEEING.
 26203 | D:15     | 26203 ||| FLEEEEING.
 26213 | D:15     | 26213 ||| FLEEEEING.
 26214 | D:15     | 26214 ||| FLEEEEING.
 26215 | D:15     | 26215 ||| FLEEEEING.
 26216 | D:15     | 26216 ||| FLEEEEING.
 26217 | D:15     | 26217 ||| FLEEEEING.
 26218 | D:15     | 26218 ||| FLEEEEING.
 26219 | D:15     | 26219 ||| FLEEEEING.
 26220 | D:15     | 26220 ||| FLEEEEING.
 26221 | D:15     | 26221 ||| FLEEEEING.
 26222 | D:15     | 26222 ||| FLEEEEING.
 26223 | D:15     | 26223 ||| FLEEEEING.
 26224 | D:15     | 26224 ||| FLEEEEING.
 26225 | D:15     | 26225 ||| FLEEEEING.
 26226 | D:15     | 26226 ||| FLEEEEING.
 26227 | D:15     | 26227 ||| FLEEEEING.
 26228 | D:15     | 26228 ||| FLEEEEING.
 26229 | D:15     | 26229 ||| FLEEEEING.
 26230 | D:15     | 26230 ||| FLEEEEING.
 26231 | D:15     | 26231 ||| FLEEEEING.
 26232 | D:15     | 26232 ||| FLEEEEING.
 26233 | D:15     | 26233 ||| FLEEEEING.
 26234 | D:15     | 26234 ||| FLEEEEING.
 26235 | D:15     | 26235 ||| FLEEEEING.
 26236 | D:15     | 26236 ||| FLEEEEING.
 26237 | D:15     | 26237 ||| FLEEEEING.
 26238 | D:15     | 26238 ||| FLEEEEING.
 26239 | D:15     | 26239 ||| FLEEEEING.
 26248 | D:15     | 26248 ||| FLEEEEING.
 26249 | D:15     | 26249 ||| FLEEEEING.
 26250 | D:15     | 26250 ||| STAIRDANCE
 26322 | D:15     | 26322 ||| INVOKING Berserk.
 26394 | D:15     | 26394 ||| RIP GAUNTLET
 26443 | D:15     | 26443 ||| PLANNING D
 26579 | D:15     | Found Haituon's Weapon Shoppe.
 26581 | D:15     | 26581 ||| INVOKING Berserk.
 26583 | D:15     | Reached skill level 12 in Shields
 26587 | D:15     | 26587 ||| FLEEEEING.
 26588 | D:15     | 26588 ||| FLEEEEING.
 26589 | D:15     | 26589 ||| FLEEEEING.
 26820 | D:15     | Found a shimmering altar of Xom.
 26823 | D:15     | 26823 ||| Stepping ~*~*~tactically~*~*~ (hiding).
 27007 | D:15     | 27007 ||| Stepping ~*~*~tactically~*~*~ (hiding).
 27009 | D:15     | 27009 ||| Stepping ~*~*~tactically~*~*~ (hiding).
 27014 | D:15     | 27014 ||| Stepping ~*~*~tactically~*~*~ (hiding).
 27264 | D:15     | Found a staircase to the Depths.
 27265 | D:15     | 27265 ||| INVOKING Brothers in Arms.
 27266 | D:15     | 27266 ||| SWAPPING to +0 eveningstar of protection.
 27267 | D:15     | 27267 ||| INVOKING Berserk.
 27281 | D:15     | 27281 ||| SWAPPING to +8 broad axe of Jocular Judgement
                  | {venom, rElec Str+4 Dex-3}.
 27541 | D:15     | 27541 ||| INVOKING Berserk.
 27662 | D:15     | 27662 ||| BUYING +2 hand axe of flaming (243 gold).
 27662 | D:15     | Bought a +2 hand axe of flaming for 243 gold pieces
 27662 | D:15     | 27662 ||| DROPPING +0 eveningstar of protection.
 27663 | D:15     | 27663 ||| PLANNING ORC
 27869 | Orc:1    | Entered Level 1 of the Orcish Mines
 27869 | Orc:1    | Noticed Nergalle
 27870 | Orc:1    | 27870 ||| Stepping ~*~*~tactically~*~*~ (hiding).
 27871 | Orc:1    | 27871 ||| Stepping ~*~*~tactically~*~*~ (hiding).
 27875 | Orc:1    | Killed Nergalle
 28037 | Orc:1    | Noticed Josephine
 28038 | Orc:1    | Found a runed translucent door.
 28039 | Orc:1    | Noticed tatocazan's ghost (journeyman MiFi)
 28050 | Orc:1    | 28050 ||| INVOKING Berserk.
 28051 | Orc:1    | Killed Josephine
 28527 | Orc:2    | Entered Level 2 of the Orcish Mines
 28527 | Orc:2    | Found a staircase to the Elven Halls.
 28580 | Orc:2    | 28580 ||| Stepping ~*~*~tactically~*~*~ (stealth).
 28585 | Orc:2    | 28585 ||| DRINKING 11 potions of curing.
 28585 | Orc:2    | 28585 ||| (to cure confusion)
 28587 | Orc:2    | 28587 ||| INVOKING Berserk.
 28788 | Orc:1    | 28788 ||| READING 7 scrolls of teleportation.
 28836 | Orc:1    | 28836 ||| READING 6 scrolls of teleportation.
 28901 | Orc:2    | 28901 ||| Stepping ~*~*~tactically~*~*~ (stealth).
 28927 | Orc:2    | 28927 ||| Stepping ~*~*~tactically~*~*~ (stealth).
 28929 | Orc:2    | 28929 ||| Stepping ~*~*~tactically~*~*~ (hiding).
 28933 | Orc:2    | 28933 ||| INVOKING Berserk.
 28961 | Orc:2    | 28961 ||| INVOKING Brothers in Arms.
 28962 | Orc:2    | 28962 ||| INVOKING Brothers in Arms.
 28966 | Orc:2    | 28966 ||| INVOKING Brothers in Arms.
 28974 | Orc:2    | 28974 ||| Stepping ~*~*~tactically~*~*~ (hiding).
 29120 | Orc:2    | 29120 ||| DROPPING +2 hand axe of flaming.
 29210 | Orc:2    | 29210 ||| Stepping ~*~*~tactically~*~*~ (hiding).
 29229 | Orc:2    | 29229 ||| INVOKING Berserk.
 29260 | Orc:2    | 29260 ||| INVOKING Brothers in Arms.
 29261 | Orc:2    | 29261 ||| INVOKING Brothers in Arms.
 29269 | Orc:2    | HP: 35/149 [orc priest/divine providence (11)]
 29270 | Orc:2    | 29270 ||| READING 5 scrolls of teleportation.
 29271 | Orc:2    | 29271 ||| DRINKING potion of heal wounds.
 29660 | Orc:2    | 29660 ||| INVOKING Berserk.
 29668 | Orc:2    | Reached skill level 15 in Shields
 29696 | Orc:2    | 29696 ||| FLEEEEING.
 29723 | Orc:2    | 29723 ||| INVOKING Berserk.
 29788 | Orc:2    | 29788 ||| INVOKING Berserk.
 29808 | Orc:2    | 29808 ||| INVOKING Brothers in Arms.
 29809 | Orc:2    | 29809 ||| INVOKING Brothers in Arms.
 29973 | Orc:2    | 29973 ||| Stepping ~*~*~tactically~*~*~ (hiding).
 29975 | Orc:2    | 29975 ||| INVOKING Berserk.
 30109 | Orc:2    | Found Nelotz's Book Shop.
 30109 | Orc:2    | Found Ynegrey's Jewellery Shop.
 30110 | Orc:2    | Found Went's Antique Weapon Shop.
 30110 | Orc:2    | Found Mistruvo's Magic Scroll Boutique.
 30118 | Orc:2    | 30118 ||| BUYING ring of fire (375 gold).
 30118 | Orc:2    | Bought a ring of fire for 375 gold pieces
 30118 | Orc:2    | 30118 ||| BUYING ring of poison resistance (300 gold).
 30118 | Orc:2    | Bought a ring of poison resistance for 300 gold pieces
 30119 | Orc:2    | 30119 ||| SHOPLISTING 3 scrolls of acquirement (2496 gold,
                  | have 1717).
 30119 | Orc:2    | 30119 ||| BUYING scroll of enchant armour (120 gold).
 30119 | Orc:2    | Bought a scroll of enchant armour for 120 gold pieces
 30119 | Orc:2    | 30119 ||| READING scroll of enchant armour.
 30119 | Orc:2    | 30119 ||| ENCHANTING +2 plate armour.
 30132 | Orc:2    | 30132 ||| DROPPING +4 scale mail of fire resistance.
 30133 | Orc:2    | 30133 ||| UPGRADING to ring of poison resistance.
 30190 | Orc:1    | 30190 ||| DRINKING 10 potions of curing.
 30190 | Orc:1    | 30190 ||| (to cure confusion)
 30271 | Orc:1    | 30271 ||| PLANNING SHOALS:1-3
 30457 | Shoals:1 | Entered Level 1 of the Shoals
 30466 | Shoals:1 | 30466 ||| Stepping ~*~*~tactically~*~*~ (water).
 30467 | Shoals:1 | Reached XP level 16. HP: 137/157 MP: 15/15
 30468 | Shoals:1 | 30468 ||| Stepping ~*~*~tactically~*~*~ (water).
 30469 | Shoals:1 | 30469 ||| Stepping ~*~*~tactically~*~*~ (water).
 30504 | Shoals:1 | 30504 ||| Stepping ~*~*~tactically~*~*~ (water).
 30780 | Shoals:1 | Found a runed translucent door.
 30781 | Shoals:1 | Noticed qw's ghost (journeyman MiBe)
 30812 | Shoals:1 | 30812 ||| Stepping ~*~*~tactically~*~*~ (hiding).
 30817 | Shoals:1 | 30817 ||| INVOKING Berserk.
 31086 | Shoals:1 | 31086 ||| Stepping ~*~*~tactically~*~*~ (hiding).
 31664 | Shoals:2 | 31664 ||| Stepping ~*~*~tactically~*~*~ (water).
 31670 | Shoals:2 | Received a gift from Trog
 31764 | Shoals:2 | Reached skill level 18 in Shields
 31774 | Shoals:2 | Noticed Ilsuiw
 31775 | Shoals:2 | 31775 ||| INVOKING Trog's Hand.
 31776 | Shoals:2 | 31776 ||| INVOKING Brothers in Arms.
 31783 | Shoals:2 | 31783 ||| INVOKING Brothers in Arms.
 31785 | Shoals:2 | Identified the amulet of Obsession {Faith Dex+4}
 31790 | Shoals:2 | 31790 ||| Stepping ~*~*~tactically~*~*~ (water).
 31793 | Shoals:2 | 31793 ||| INVOKING Brothers in Arms.
 31797 | Shoals:2 | 31797 ||| INVOKING Berserk.
 31811 | Shoals:2 | Noticed Polyphemus
 31820 | Shoals:2 | Killed Ilsuiw
 31823 | Shoals:2 | HP: 38/157 [Polyphemus (12)]
 31824 | Shoals:2 | 31824 ||| READING 4 scrolls of teleportation.
 31825 | Shoals:2 | 31825 ||| DRINKING potion of heal wounds.
 32041 | Shoals:2 | 32041 ||| Stepping ~*~*~tactically~*~*~ (stealth).
 32050 | Shoals:2 | 32050 ||| INVOKING Berserk.
 32057 | Shoals:2 | Killed Polyphemus
 32243 | Shoals:2 | 32243 ||| Stepping ~*~*~tactically~*~*~ (hiding).
 32323 | Shoals:2 | 32323 ||| INVOKING Berserk.
 32482 | Shoals:2 | Found Udorphol's General Store.
 32491 | Shoals:2 | 32491 ||| BUYING potion of cancellation (152 gold).
 32491 | Shoals:2 | Bought a potion of cancellation for 152 gold pieces
 32491 | Shoals:2 | 32491 ||| BUYING potion of mutation (152 gold).
 32491 | Shoals:2 | Bought a potion of mutation for 152 gold pieces
 32818 | Shoals:3 | 32818 ||| INVOKING Berserk.
 32962 | Shoals:3 | 32962 ||| INVOKING Berserk.
 33086 | Shoals:3 | Reached skill level 6 in Throwing
 33126 | Shoals:3 | 33126 ||| Stepping ~*~*~tactically~*~*~ (water).
 33138 | Shoals:3 | Noticed Aizul
 33139 | Shoals:3 | 33139 ||| FLEEEEING.
 33140 | Shoals:3 | 33140 ||| FLEEEEING.
 33142 | Shoals:3 | 33142 ||| INVOKING Berserk.
 33170 | Shoals:3 | 33170 ||| INVOKING Trog's Hand.
 33179 | Shoals:3 | Killed Aizul
 33224 | Shoals:3 | 33224 ||| Stepping ~*~*~tactically~*~*~ (hiding).
 33226 | Shoals:3 | 33226 ||| Stepping ~*~*~tactically~*~*~ (hiding).
 33230 | Shoals:3 | 33230 ||| INVOKING Trog's Hand.
 33231 | Shoals:3 | 33231 ||| READING 3 scrolls of teleportation.
 33232 | Shoals:3 | 33232 ||| Stepping randomly (stuck).
 33237 | Shoals:3 | 33237 ||| Stepping ~*~*~tactically~*~*~ (water).
 33238 | Shoals:3 | 33238 ||| INVOKING Berserk.
 33619 | Shoals:3 | 33619 ||| Stepping ~*~*~tactically~*~*~ (hiding).
 33620 | Shoals:3 | 33620 ||| INVOKING Trog's Hand.
 33623 | Shoals:3 | 33623 ||| INVOKING Berserk.
 33775 | Shoals:3 | 33775 ||| INVOKING Berserk.
 34132 | Shoals:3 | 34132 ||| PLANNING SNAKE:1-3
 34238 | Snake:1  | Entered Level 1 of the Snake Pit
 34242 | Snake:1  | 34242 ||| Stepping ~*~*~tactically~*~*~ (stealth).
 34260 | Snake:1  | 34260 ||| Stepping ~*~*~tactically~*~*~ (hiding).
 34271 | Snake:1  | Reached XP level 17. HP: 127/163 MP: 16/16
 34421 | Snake:1  | 34421 ||| Stepping ~*~*~tactically~*~*~ (hiding).
 34433 | Snake:1  | 34433 ||| Stepping ~*~*~tactically~*~*~ (stealth).
 34434 | Snake:1  | 34434 ||| Stepping ~*~*~tactically~*~*~ (stealth).
 34435 | Snake:1  | 34435 ||| Stepping ~*~*~tactically~*~*~ (stealth).
 34462 | Snake:1  | 34462 ||| Stepping ~*~*~tactically~*~*~ (hiding).
 34466 | Snake:1  | 34466 ||| Stepping ~*~*~tactically~*~*~ (stealth).
 34482 | Snake:1  | 34482 ||| Stepping ~*~*~tactically~*~*~ (hiding).
 34494 | Snake:1  | 34494 ||| INVOKING Berserk.
 34674 | Snake:1  | 34674 ||| Stepping ~*~*~tactically~*~*~ (hiding).
 34675 | Snake:1  | 34675 ||| Stepping ~*~*~tactically~*~*~ (hiding).
 34687 | Snake:1  | 34687 ||| Stepping ~*~*~tactically~*~*~ (stealth).
 34726 | Snake:1  | 34726 ||| Stepping ~*~*~tactically~*~*~ (stealth).
 34739 | Snake:1  | 34739 ||| Stepping ~*~*~tactically~*~*~ (stealth).
 34748 | Snake:1  | 34748 ||| Stepping ~*~*~tactically~*~*~ (hiding).
 34749 | Snake:1  | 34749 ||| Stepping ~*~*~tactically~*~*~ (hiding).
 35221 | Snake:1  | 35221 ||| Stepping ~*~*~tactically~*~*~ (hiding).
 35224 | Snake:1  | 35224 ||| Stepping ~*~*~tactically~*~*~ (hiding).
 35260 | Snake:1  | 35260 ||| Stepping ~*~*~tactically~*~*~ (hiding).
 35332 | Snake:1  | 35332 ||| Stepping ~*~*~tactically~*~*~ (hiding).
 35337 | Snake:1  | 35337 ||| Stepping ~*~*~tactically~*~*~ (hiding).
 35463 | Snake:1  | 35463 ||| Stepping ~*~*~tactically~*~*~ (hiding).
 35465 | Snake:1  | 35465 ||| Stepping ~*~*~tactically~*~*~ (hiding).
 35476 | Snake:1  | 35476 ||| INVOKING Berserk.
 35794 | Snake:1  | Reached skill level 9 in Throwing
 35808 | Snake:1  | 35808 ||| Stepping ~*~*~tactically~*~*~ (stealth).
 35810 | Snake:1  | 35810 ||| Stepping ~*~*~tactically~*~*~ (stealth).
 35863 | Snake:1  | 35863 ||| Stepping ~*~*~tactically~*~*~ (hiding).
 35872 | Snake:1  | 35872 ||| INVOKING Berserk.
 36214 | Snake:1  | 36214 ||| DROPPING ring of fire.
 36342 | Snake:2  | 36342 ||| Stepping ~*~*~tactically~*~*~ (stealth).
 36380 | Snake:2  | Identified the +1 ring mail of Protective Custody {rN+}
 36393 | Snake:2  | 36393 ||| INVOKING Berserk.
 36424 | Snake:2  | 36424 ||| Stepping ~*~*~tactically~*~*~ (stealth).
 36488 | Snake:2  | 36488 ||| INVOKING Berserk.
 36519 | Snake:2  | 36519 ||| FLEEEEING.
 36589 | Snake:2  | 36589 ||| INVOKING Berserk.
 36597 | Snake:2  | Reached skill level 19 in Fighting
 36599 | Snake:2  | 36599 ||| FLEEEEING.
 36600 | Snake:2  | 36600 ||| FLEEEEING.
 36603 | Snake:2  | 36603 ||| FLEEEEING.
 36604 | Snake:2  | 36604 ||| FLEEEEING.
 36611 | Snake:2  | 36611 ||| FLEEEEING.
 36612 | Snake:2  | 36612 ||| FLEEEEING.
 36613 | Snake:2  | 36613 ||| FLEEEEING.
 36614 | Snake:2  | 36614 ||| FLEEEEING.
 36615 | Snake:2  | 36615 ||| STAIRDANCE
 36788 | Snake:2  | 36788 ||| Stepping ~*~*~tactically~*~*~ (stealth).
 36789 | Snake:2  | 36789 ||| Stepping ~*~*~tactically~*~*~ (stealth).
 37070 | Snake:2  | 37070 ||| Stepping ~*~*~tactically~*~*~ (hiding).
 37339 | Snake:2  | 37339 ||| Stepping ~*~*~tactically~*~*~ (stealth).
 37345 | Snake:2  | 37345 ||| Stepping ~*~*~tactically~*~*~ (hiding).
 37367 | Snake:2  | Found Caxtusurch's Jewellery Shop.
 37367 | Snake:2  | Found Fuysa's Book Shoppe.
 37368 | Snake:2  | 37368 ||| INVOKING Berserk.
 37520 | Snake:2  | Found Imamourgh's Jewellery Shop.
 37526 | Snake:2  | 37526 ||| BUYING ring "Dobbeij" {Fly rF- Int+6 Slay+5
                  | Stlth+} (1052 gold).
 37526 | Snake:2  | Bought the ring "Dobbeij" {Fly rF- Int+6 Slay+5 Stlth+} for
                  | 1052 gold pieces
 37530 | Snake:2  | 37530 ||| SHOPLISTING amulet of Xom's Recklessness {Reflect
                  | rN+ Int+4 SH+5} (843 gold, have 699).
 37626 | Snake:2  | 37626 ||| UPGRADING to ring "Dobbeij" {Fly rF- Int+6 Slay+5
                  | Stlth+}.
 37628 | Snake:2  | 37628 ||| UPGRADING to ring of poison resistance.
 37675 | Snake:3  | 37675 ||| Stepping ~*~*~tactically~*~*~ (hiding).
 37676 | Snake:3  | 37676 ||| Stepping ~*~*~tactically~*~*~ (hiding).
 37679 | Snake:3  | 37679 ||| INVOKING Berserk.
 37932 | Snake:3  | 37932 ||| READING scroll of enchant armour.
 37932 | Snake:3  | 37932 ||| ENCHANTING +3 plate armour.
 37980 | Snake:3  | 37980 ||| Stepping ~*~*~tactically~*~*~ (stealth).
 37985 | Snake:3  | 37985 ||| Stepping ~*~*~tactically~*~*~ (hiding).
 37992 | Snake:3  | 37992 ||| INVOKING Berserk.
 38006 | Snake:3  | Reached skill level 18 in Armour
 38035 | Snake:3  | 38035 ||| FLEEEEING.
 38036 | Snake:3  | 38036 ||| FLEEEEING.
 38037 | Snake:3  | 38037 ||| FLEEEEING.
 38319 | Snake:3  | Found a frozen archway.
 38537 | Snake:3  | 38537 ||| Stepping ~*~*~tactically~*~*~ (hiding).
 38581 | Snake:3  | 38581 ||| Stepping ~*~*~tactically~*~*~ (hiding).
 38586 | Snake:3  | 38586 ||| INVOKING Berserk.
 38602 | Snake:3  | 38602 ||| Stepping ~*~*~tactically~*~*~ (hiding).
 38606 | Snake:3  | 38606 ||| INVOKING Brothers in Arms.
 38658 | Snake:3  | 38658 ||| READING scroll of enchant armour.
 38658 | Snake:3  | 38658 ||| ENCHANTING +4 plate armour.
 38693 | Snake:3  | 38693 ||| Stepping ~*~*~tactically~*~*~ (hiding).
 38703 | Snake:3  | 38703 ||| INVOKING Berserk.
 38823 | Snake:3  | 38823 ||| Stepping ~*~*~tactically~*~*~ (stealth).
 38824 | Snake:3  | 38824 ||| Stepping ~*~*~tactically~*~*~ (stealth).
 38825 | Snake:3  | 38825 ||| Stepping ~*~*~tactically~*~*~ (stealth).
 38835 | Snake:3  | 38835 ||| Stepping ~*~*~tactically~*~*~ (hiding).
 38841 | Snake:3  | 38841 ||| INVOKING Berserk.
 38844 | Snake:3  | Reached XP level 18. HP: 176/176 MP: 17/17
 38867 | Snake:3  | 38867 ||| INVOKING Brothers in Arms.
 38871 | Snake:3  | Reached skill level 20 in Fighting
 39095 | Snake:3  | 39095 ||| DROPPING +2 war axe of flaming.
 39106 | Snake:3  | 39106 ||| READING scroll of enchant armour.
 39106 | Snake:3  | 39106 ||| ENCHANTING +5 plate armour.
 39194 | Snake:3  | 39194 ||| Stepping ~*~*~tactically~*~*~ (stealth).
 39207 | Snake:3  | 39207 ||| Stepping ~*~*~tactically~*~*~ (hiding).
 39208 | Snake:3  | 39208 ||| Stepping ~*~*~tactically~*~*~ (hiding).
 39517 | Snake:3  | 39517 ||| Stepping ~*~*~tactically~*~*~ (hiding).
 39526 | Snake:3  | Identified the +3 glaive of the Original Sin {vorpal,
                  | Dex+3}
 39549 | Snake:3  | 39549 ||| Stepping ~*~*~tactically~*~*~ (stealth).
 39550 | Snake:3  | 39550 ||| Stepping ~*~*~tactically~*~*~ (stealth).
 39552 | Snake:3  | 39552 ||| Stepping ~*~*~tactically~*~*~ (hiding).
 39853 | Snake:3  | 39853 ||| PLANNING SHOALS:4
 39853 | Snake:3  | 39853 ||| DROPPING ring of ice.
 40081 | Shoals:4 | Entered Level 4 of the Shoals
 40082 | Shoals:4 | 40082 ||| Stepping ~*~*~tactically~*~*~ (hiding).
 40085 | Shoals:4 | 40085 ||| Stepping ~*~*~tactically~*~*~ (hiding).
 40087 | Shoals:4 | 40087 ||| Stepping ~*~*~tactically~*~*~ (hiding).
 40123 | Shoals:4 | Identified the +1 leather armour "Jinwum" {Contam rN++}
 40138 | Shoals:4 | 40138 ||| INVOKING Trog's Hand.
 40139 | Shoals:4 | 40139 ||| INVOKING Brothers in Arms.
 40159 | Shoals:4 | 40159 ||| INVOKING Berserk.
 40292 | Shoals:4 | 40292 ||| Stepping ~*~*~tactically~*~*~ (hiding).
 40296 | Shoals:4 | 40296 ||| Stepping ~*~*~tactically~*~*~ (hiding).
 40297 | Shoals:4 | 40297 ||| Stepping ~*~*~tactically~*~*~ (hiding).
 40420 | Shoals:4 | 40420 ||| Stepping ~*~*~tactically~*~*~ (hiding).
 40423 | Shoals:4 | 40423 ||| INVOKING Berserk.
 40445 | Shoals:4 | 40445 ||| INVOKING Brothers in Arms.
 40704 | Shoals:4 | 40704 ||| Stepping ~*~*~tactically~*~*~ (hiding).
 40706 | Shoals:4 | 40706 ||| Stepping ~*~*~tactically~*~*~ (hiding).
 41014 | Shoals:4 | 41014 ||| Stepping ~*~*~tactically~*~*~ (hiding).
 41017 | Shoals:4 | 41017 ||| INVOKING Berserk.
 41023 | Shoals:4 | Received a gift from Trog
 41149 | Shoals:4 | 41149 ||| DROPPING +2 vorpal broad axe.
 41362 | Shoals:4 | 41362 ||| Stepping ~*~*~tactically~*~*~ (stealth).
 41363 | Shoals:4 | 41363 ||| Stepping ~*~*~tactically~*~*~ (stealth).
 41374 | Shoals:4 | 41374 ||| Stepping ~*~*~tactically~*~*~ (stealth).
 41389 | Shoals:4 | 41389 ||| Stepping ~*~*~tactically~*~*~ (hiding).
 41392 | Shoals:4 | 41392 ||| INVOKING Berserk.
 41397 | Shoals:4 | Reached skill level 21 in Shields
 41405 | Shoals:4 | 41405 ||| INVOKING Brothers in Arms.
 41414 | Shoals:4 | 41414 ||| INVOKING Brothers in Arms.
 41414 | Shoals:4 | HP: 43/178 [merfolk impaler/+0 trident (5)]
 41415 | Shoals:4 | 41415 ||| READING 5 scrolls of teleportation.
 41416 | Shoals:4 | 41416 ||| DRINKING potion of heal wounds.
 41428 | Shoals:4 | 41428 ||| INVOKING Brothers in Arms.
 41429 | Shoals:4 | 41429 ||| INVOKING Brothers in Arms.
 41517 | Shoals:4 | 41517 ||| FLEEEEING.
 41518 | Shoals:4 | 41518 ||| FLEEEEING.
 41519 | Shoals:4 | 41519 ||| STAIRDANCE
 42019 | Shoals:4 | 42019 ||| INVOKING Berserk.
 42148 | Shoals:4 | Got a barnacled rune of Zot
 42242 | Shoals:4 | 42242 ||| Stepping ~*~*~tactically~*~*~ (stealth).
 42243 | Shoals:4 | 42243 ||| Stepping ~*~*~tactically~*~*~ (stealth).
 42293 | Shoals:4 | Identified the ring "Veira Xoni" {Drain rPois Will+ Str+3
                  | Slay+3}
 42480 | Shoals:4 | 42480 ||| PLANNING VAULTS:1-4
 42480 | Shoals:4 | 42480 ||| UPGRADING to ring "Veira Xoni" {Drain rPois Will+
                  | Str+3 Slay+3}.
 42482 | Shoals:4 | 42482 ||| REMOVING ring of poison resistance.
 42483 | Shoals:4 | 42483 ||| UPGRADING to +4 ring of protection.
 42484 | Shoals:4 | 42484 ||| DROPPING +4 ring of evasion.
 42485 | Shoals:4 | 42485 ||| UPGRADING to ring "Dobbeij" {Fly rF- Int+6 Slay+5
                  | Stlth+}.
 42799 | Vaults:1 | Entered Level 1 of the Vaults
 42813 | Vaults:1 | 42813 ||| Stepping ~*~*~tactically~*~*~ (stealth).
 42828 | Vaults:1 | 42828 ||| INVOKING Brothers in Arms.
 42831 | Vaults:1 | 42831 ||| INVOKING Berserk.
 42966 | Vaults:1 | Noticed Zenata
 42970 | Vaults:1 | 42970 ||| INVOKING Berserk.
 42981 | Vaults:1 | Killed Zenata
 43127 | Vaults:1 | Identified the +1 robe of Vixi {Rampage rPois rCorr Int-4}
 43144 | Vaults:1 | Identified the +4 morningstar of Sijev {freeze, Str+6}
 43157 | Vaults:1 | 43157 ||| Stepping ~*~*~tactically~*~*~ (hiding).
 43338 | Vaults:1 | Found a transporter.
 43355 | Vaults:1 | Found a transporter.
 43397 | Vaults:1 | 43397 ||| Stepping ~*~*~tactically~*~*~ (hiding).
 43399 | Vaults:1 | 43399 ||| Stepping ~*~*~tactically~*~*~ (hiding).
 43403 | Vaults:1 | 43403 ||| INVOKING Trog's Hand.
 43431 | Vaults:1 | 43431 ||| INVOKING Brothers in Arms.
 43434 | Vaults:1 | 43434 ||| INVOKING Berserk.
 43506 | Vaults:1 | 43506 ||| Stepping ~*~*~tactically~*~*~ (stealth).
 43549 | Vaults:1 | 43549 ||| Stepping ~*~*~tactically~*~*~ (stealth).
 43558 | Vaults:1 | 43558 ||| INVOKING Berserk.
 43863 | Vaults:1 | 43863 ||| INVOKING Berserk.
 43871 | Vaults:1 | Reached skill level 21 in Fighting
 44046 | Vaults:1 | 44046 ||| Stepping ~*~*~tactically~*~*~ (hiding).
 44047 | Vaults:1 | 44047 ||| Stepping ~*~*~tactically~*~*~ (hiding).
 44049 | Vaults:1 | 44049 ||| Stepping ~*~*~tactically~*~*~ (hiding).
 44050 | Vaults:1 | 44050 ||| Stepping ~*~*~tactically~*~*~ (hiding).
 44166 | Vaults:1 | 44166 ||| INVOKING Trog's Hand.
 44167 | Vaults:1 | 44167 ||| INVOKING Berserk.
 44300 | Vaults:1 | Found Simuen's Weapon Boutique.
 44341 | Vaults:1 | 44341 ||| INVOKING Berserk.
 44344 | Vaults:1 | Reached XP level 19. HP: 189/189 MP: 18/18
 45068 | Vaults:1 | 45068 ||| DROPPING amulet of faith.
 45143 | Vaults:2 | You are sucked into a shaft and drop 2 floors!
 45148 | Vaults:4 | 45148 ||| Stepping ~*~*~tactically~*~*~ (hiding).
 45152 | Vaults:4 | 45152 ||| Stepping ~*~*~tactically~*~*~ (hiding).
 45168 | Vaults:4 | 45168 ||| Stepping ~*~*~tactically~*~*~ (stealth).
 45170 | Vaults:4 | 45170 ||| Stepping ~*~*~tactically~*~*~ (hiding).
 45250 | Vaults:4 | 45250 ||| INVOKING Trog's Hand.
 45324 | Vaults:4 | 45324 ||| READING scroll of enchant armour.
 45324 | Vaults:4 | 45324 ||| ENCHANTING +6 plate armour.
 45369 | Vaults:4 | 45369 ||| Stepping ~*~*~tactically~*~*~ (hiding).
 45371 | Vaults:4 | 45371 ||| INVOKING Brothers in Arms.
 45373 | Vaults:4 | 45373 ||| INVOKING Berserk.
 45541 | Vaults:4 | 45541 ||| Stepping ~*~*~tactically~*~*~ (hiding).
 45547 | Vaults:4 | 45547 ||| INVOKING Trog's Hand.
 45575 | Vaults:4 | 45575 ||| INVOKING Brothers in Arms.
 45577 | Vaults:4 | 45577 ||| INVOKING Berserk.
 45810 | Vaults:4 | 45810 ||| INVOKING Trog's Hand.
 45852 | Vaults:4 | 45852 ||| Stepping ~*~*~tactically~*~*~ (hiding).
 45857 | Vaults:4 | Reached skill level 22 in Fighting
 46101 | Vaults:4 | 46101 ||| Stepping ~*~*~tactically~*~*~ (hiding).
 46250 | Vaults:4 | 46250 ||| INVOKING Trog's Hand.
 46343 | Vaults:4 | 46343 ||| Stepping ~*~*~tactically~*~*~ (stealth).
 46356 | Vaults:4 | 46356 ||| INVOKING Trog's Hand.
 46357 | Vaults:4 | 46357 ||| INVOKING Brothers in Arms.
 46361 | Vaults:4 | 46361 ||| INVOKING Berserk.
 46369 | Vaults:4 | Reached skill level 9 in Dodging
 46523 | Vaults:4 | 46523 ||| Stepping ~*~*~tactically~*~*~ (hiding).
 46575 | Vaults:3 | 46575 ||| Stepping ~*~*~tactically~*~*~ (hiding).
 46606 | Vaults:3 | Identified the +8 war axe of Impermanence {vorpal, rElec
                  | Will+ Str+2 Stlth+} (Trog gifted it to you on level 3 of
                  | the Vaults)
 46606 | Vaults:3 | Received a gift from Trog
 46815 | Vaults:3 | 46815 ||| INVOKING Trog's Hand.
 46877 | Vaults:3 | 46877 ||| INVOKING Trog's Hand.
 46899 | Vaults:3 | 46899 ||| Stepping ~*~*~tactically~*~*~ (stealth).
 46907 | Vaults:3 | 46907 ||| INVOKING Brothers in Arms.
 46910 | Vaults:3 | 46910 ||| INVOKING Berserk.
 47118 | Vaults:3 | 47118 ||| INVOKING Trog's Hand.
 47141 | Vaults:3 | 47141 ||| INVOKING Berserk.
 47344 | Vaults:3 | 47344 ||| INVOKING Berserk.
 47584 | Vaults:2 | 47584 ||| INVOKING Trog's Hand.
 47743 | Vaults:2 | 47743 ||| Stepping ~*~*~tactically~*~*~ (stealth).
 47744 | Vaults:2 | 47744 ||| Stepping ~*~*~tactically~*~*~ (stealth).
 47775 | Vaults:2 | 47775 ||| Stepping ~*~*~tactically~*~*~ (hiding).
 47782 | Vaults:2 | Reached skill level 12 in Throwing
 47782 | Vaults:2 | 47782 ||| INVOKING Berserk.
 48250 | Vaults:2 | 48250 ||| INVOKING Trog's Hand.
 48259 | Vaults:2 | 48259 ||| Stepping ~*~*~tactically~*~*~ (hiding).
 48260 | Vaults:2 | 48260 ||| Stepping ~*~*~tactically~*~*~ (hiding).
 48262 | Vaults:2 | 48262 ||| Stepping ~*~*~tactically~*~*~ (hiding).
 48279 | Vaults:2 | 48279 ||| READING scroll of enchant armour.
 48279 | Vaults:2 | 48279 ||| ENCHANTING +7 plate armour.
 48349 | Vaults:2 | 48349 ||| Stepping ~*~*~tactically~*~*~ (hiding).
 48354 | Vaults:2 | 48354 ||| INVOKING Trog's Hand.
 48413 | Vaults:2 | 48413 ||| Stepping ~*~*~tactically~*~*~ (stealth).
 48418 | Vaults:2 | 48418 ||| Stepping ~*~*~tactically~*~*~ (stealth).
 48425 | Vaults:2 | 48425 ||| Stepping ~*~*~tactically~*~*~ (stealth).
 48480 | Vaults:2 | 48480 ||| Stepping ~*~*~tactically~*~*~ (hiding).
 48488 | Vaults:2 | 48488 ||| Stepping ~*~*~tactically~*~*~ (hiding).
 48490 | Vaults:2 | 48490 ||| Stepping ~*~*~tactically~*~*~ (hiding).
 48500 | Vaults:2 | 48500 ||| INVOKING Berserk.
 48792 | Vaults:2 | 48792 ||| Stepping ~*~*~tactically~*~*~ (hiding).
 48795 | Vaults:2 | 48795 ||| Stepping ~*~*~tactically~*~*~ (hiding).
 48798 | Vaults:2 | 48798 ||| INVOKING Berserk.
 48922 | Vaults:2 | 48922 ||| Stepping ~*~*~tactically~*~*~ (stealth).
 48924 | Vaults:2 | 48924 ||| Stepping ~*~*~tactically~*~*~ (stealth).
 48992 | Vaults:2 | 48992 ||| INVOKING Berserk.
 49232 | Vaults:3 | 49232 ||| STAIRDANCE
 49337 | Vaults:3 | 49337 ||| INVOKING Trog's Hand.
 49353 | Vaults:3 | Reached XP level 20. HP: 200/200 MP: 19/19
 49466 | Vaults:3 | 49466 ||| Stepping ~*~*~tactically~*~*~ (stealth).
 49468 | Vaults:3 | 49468 ||| Stepping ~*~*~tactically~*~*~ (hiding).
 49471 | Vaults:3 | 49471 ||| INVOKING Trog's Hand.
 49514 | Vaults:3 | 49514 ||| INVOKING Trog's Hand.
 49610 | Vaults:3 | Found a staircase to the Crypt.
 49741 | Vaults:3 | 49741 ||| Stepping ~*~*~tactically~*~*~ (stealth).
 49876 | Vaults:3 | 49876 ||| Stepping ~*~*~tactically~*~*~ (hiding).
 50158 | Vaults:3 | 50158 ||| Stepping ~*~*~tactically~*~*~ (hiding).
 50257 | Vaults:4 | 50257 ||| Stepping ~*~*~tactically~*~*~ (stealth).
 50259 | Vaults:4 | 50259 ||| Stepping ~*~*~tactically~*~*~ (stealth).
 50421 | Vaults:4 | 50421 ||| INVOKING Trog's Hand.
 50489 | Vaults:4 | 50489 ||| INVOKING Berserk.
 50494 | Vaults:4 | Reached skill level 21 in Armour
 50828 | Vaults:4 | 50828 ||| PLANNING SNAKE:4
 51211 | Snake:4  | Entered Level 4 of the Snake Pit
 51355 | Snake:4  | 51355 ||| Stepping ~*~*~tactically~*~*~ (stealth).
 51358 | Snake:4  | 51358 ||| Stepping ~*~*~tactically~*~*~ (stealth).
 51397 | Snake:4  | 51397 ||| Stepping ~*~*~tactically~*~*~ (stealth).
 51398 | Snake:4  | 51398 ||| Stepping ~*~*~tactically~*~*~ (stealth).
 51443 | Snake:4  | 51443 ||| Stepping ~*~*~tactically~*~*~ (hiding).
 51924 | Snake:4  | 51924 ||| FLEEEEING.
 51925 | Snake:4  | 51925 ||| FLEEEEING.
 51926 | Snake:4  | 51926 ||| FLEEEEING.
 51927 | Snake:4  | 51927 ||| FLEEEEING.
 51939 | Snake:4  | Identified the +1 scale mail of Hospitality {-Tele Str+6
                  | Dex+8 Stlth-}
 51940 | Snake:4  | 51940 ||| FLEEEEING.
 51941 | Snake:4  | 51941 ||| FLEEEEING.
 51942 | Snake:4  | 51942 ||| FLEEEEING.
 51943 | Snake:4  | 51943 ||| FLEEEEING.
 51944 | Snake:4  | 51944 ||| FLEEEEING.
 51945 | Snake:4  | 51945 ||| FLEEEEING.
 51946 | Snake:4  | 51946 ||| FLEEEEING.
 51947 | Snake:4  | 51947 ||| FLEEEEING.
 51949 | Snake:4  | 51949 ||| FLEEEEING.
 51950 | Snake:4  | 51950 ||| FLEEEEING.
 51951 | Snake:4  | 51951 ||| FLEEEEING.
 51952 | Snake:4  | 51952 ||| FLEEEEING.
 51953 | Snake:4  | 51953 ||| FLEEEEING.
 51966 | Snake:4  | 51966 ||| Stepping ~*~*~tactically~*~*~ (hiding).
 51971 | Snake:4  | Reached skill level 23 in Fighting
 51997 | Snake:4  | 51997 ||| Stepping ~*~*~tactically~*~*~ (hiding).
 52002 | Snake:4  | 52002 ||| Stepping ~*~*~tactically~*~*~ (hiding).
 52061 | Snake:4  | 52061 ||| Stepping ~*~*~tactically~*~*~ (hiding).
 52064 | Snake:4  | 52064 ||| Stepping ~*~*~tactically~*~*~ (hiding).
 52216 | Snake:4  | 52216 ||| Stepping ~*~*~tactically~*~*~ (hiding).
 52243 | Snake:4  | 52243 ||| INVOKING Berserk.
 52252 | Snake:4  | 52252 ||| INVOKING Brothers in Arms.
 52278 | Snake:4  | 52278 ||| INVOKING Brothers in Arms.
 52619 | Snake:4  | Got a serpentine rune of Zot
 52798 | Snake:4  | 52798 ||| Stepping ~*~*~tactically~*~*~ (stealth).
 52800 | Snake:4  | 52800 ||| Stepping ~*~*~tactically~*~*~ (hiding).
 52811 | Snake:4  | Received a gift from Trog
 53221 | Snake:4  | 53221 ||| PLANNING DEPTHS
 53221 | Snake:4  | 53221 ||| DROPPING ring of fire.
 53222 | Snake:4  | 53222 ||| DROPPING ring of poison resistance.
 53223 | Snake:4  | 53223 ||| DROPPING +6 ring of strength.
 53521 | Depths:1 | Entered Level 1 of the Depths
 53530 | Depths:1 | 53530 ||| INVOKING Berserk.
 53545 | Depths:1 | Reached skill level 24 in Fighting
 53815 | Depths:1 | 53815 ||| INVOKING Brothers in Arms.
 53816 | Depths:1 | 53816 ||| INVOKING Berserk.
 54075 | Depths:1 | 54075 ||| Stepping ~*~*~tactically~*~*~ (hiding).
 54078 | Depths:1 | 54078 ||| Stepping ~*~*~tactically~*~*~ (hiding).
 54093 | Depths:1 | 54093 ||| INVOKING Trog's Hand.
 54095 | Depths:1 | 54095 ||| Stepping ~*~*~tactically~*~*~ (hiding).
 54115 | Depths:1 | 54115 ||| INVOKING Berserk.
 54577 | Depths:1 | Found Geukhaux's Blood Bar.
 54641 | Depths:1 | Found a gateway to Hell.
 54642 | Depths:1 | 54642 ||| DRINKING 3 potions of resistance.
 54643 | Depths:1 | 54643 ||| INVOKING Brothers in Arms.
 54644 | Depths:1 | 54644 ||| INVOKING Berserk.
 54653 | Depths:1 | Reached XP level 21. HP: 214/214 MP: 20/20
 54967 | Depths:1 | 54967 ||| DROPPING +6 ring of intelligence.
 55053 | Depths:2 | 55053 ||| Stepping ~*~*~tactically~*~*~ (hiding).
 55064 | Depths:2 | 55064 ||| Stepping ~*~*~tactically~*~*~ (hiding).
 55321 | Depths:2 | 55321 ||| Stepping ~*~*~tactically~*~*~ (hiding).
 55539 | Depths:2 | 55539 ||| INVOKING Trog's Hand.
 55549 | Depths:2 | 55549 ||| INVOKING Brothers in Arms.
 55550 | Depths:2 | 55550 ||| INVOKING Brothers in Arms.
 55554 | Depths:2 | 55554 ||| INVOKING Berserk.
 55721 | Depths:2 | 55721 ||| INVOKING Berserk.
 55894 | Depths:2 | 55894 ||| Stepping ~*~*~tactically~*~*~ (stealth).
 56007 | Depths:2 | Found a one-way gateway to a ziggurat.
 56007 | Depths:2 | Noticed an ancient lich
 56009 | Depths:2 | 56009 ||| INVOKING Trog's Hand.
 56276 | Depths:2 | Found a one-way gate leading to the halls of Pandemonium.
 56277 | Depths:2 | 56277 ||| Stepping ~*~*~tactically~*~*~ (hiding).
 56519 | Depths:3 | 56519 ||| INVOKING Brothers in Arms.
 56520 | Depths:3 | 56520 ||| INVOKING Brothers in Arms.
 56666 | Depths:3 | 56666 ||| Stepping ~*~*~tactically~*~*~ (stealth).
 56669 | Depths:3 | 56669 ||| INVOKING Berserk.
 56902 | Depths:3 | Noticed a juggernaut
 56903 | Depths:3 | 56903 ||| Stepping ~*~*~tactically~*~*~ (stealth).
 56905 | Depths:3 | 56905 ||| INVOKING Berserk.
 56910 | Depths:3 | Killed a juggernaut
 57048 | Depths:3 | 57048 ||| INVOKING Berserk.
 57058 | Depths:3 | 57058 ||| Stepping ~*~*~tactically~*~*~ (hiding).
 57170 | Depths:3 | 57170 ||| Stepping ~*~*~tactically~*~*~ (stealth).
 57201 | Depths:3 | 57201 ||| Stepping ~*~*~tactically~*~*~ (hiding).
 57206 | Depths:3 | 57206 ||| INVOKING Berserk.
 57233 | Depths:3 | Killed from afar by a tengu reaver

Levels and vault maps discovered:
D:1:      dpeg_arrival_radiant, layout_rooms, hellmonk_ecumenical_altar_blasted,
          st_stairs_9
D:2:      kennysheep_six_static_rooms, layout_basic, uniq_sigmund
D:3:      layout_loops_ring, uniq_grinder, uniq_crazy_yiuf_cottage
D:4:      layout_basic, uniq_pikel, uniq_natasha
D:5:      layout_gridville, serial_shops, shop, gup_sewer_entry_glass,
          minivault_1
D:6:      layout_basic, minmay_temple_entry_trees, serial_shops,
          nicolae_shop_overgrown_old_shop
D:7:      layout_loops_ring, nrook_campfire, uniq_joseph, uniq_menkaure
D:8:      layout_layer_cave, enter_bailey_2, grunt_decor_cap
D:9:      layout_basic, serial_undead, serial_undead_a, serial_undead_c,
          serial_undead_e, serial_undead_a, st_stairs_7, uniq_psyche
D:10:     minmay_the_grid_four_pointed_star
          [minmay_the_grid_triangle_9x9_pentomino_pain,
          minmay_the_grid_triangle_9x9_dagger,
          minmay_the_grid_triangle_9x9_steps,
          minmay_the_grid_triangle_9x9_subtriangle,
          minmay_the_grid_prize_diamond_cup], layout_loops_cross,
          mainiacjoe_overflow_surrounded_room, lair_entry_dummy
D:11:     layout_basic
D:12:     minmay_box_of_statues, layout_basic, serial_shops,
          nicolae_take_the_stairs, centaur_isle, uniq_frances
D:13:     layout_loops_cross, skrybe_vaults_entry_preservation, uniq_rupert
D:14:     layout_cave_pools, nicolae_uskayaw_murder_on_the_dancefloor,
          uniq_agnes, uniq_roxanne, uniq_louise, uniq_jorgrun
D:15:     hangedman_depths_entry_try_elsewhere_first, layout_long_grid,
          serial_shops, nicolae_inconvenience_store,
          lemuel_coloured_pillars_altar, gauntlet_entry_generic, uniq_nessos
Lair:1:   layout_gridlike, grunt_megastairs_4, uniq_gastronok
Lair:2:   statuecave_lemuel, layout_gridlike, guppyfry_snake_entry_garden,
          st_stairs_10, serial_bayou_shore_a
Lair:3:   wad_woods_minihive, layout_gridlike, minmay_shoals_entry_beasts
Lair:4:   layout_roguey, basic_altar
Lair:5:   minmay_lair_end_enchanted_forest, layout_concentric_octagons,
          slime_entry_2, nicolae_quartered_pool_super, serial_bayou_crossing
Shoals:1: layout_shoals, gammafunk_ghost_grave
Shoals:2: layout_shoals, serial_shops, shop, uniq_polyphemus, uniq_ilsuiw
Shoals:3: layout_shoals, nicolae_shoals_cliffside_cave, uniq_aizul
Shoals:4: shoals_end_grunt_ice, layout_shoals, hangedman_shoal_volcano
Snake:1:  layout_grid_maze, nicolae_snake_gridmaze_squiggle, grunt_megastairs_2
Snake:2:  layout_layer_cave, minmay_shop_grove
Snake:3:  layout_chambers, portal_ice_cave_entry_pillars_four, st_stairs_3,
          nicolae_snake_scaly_snakehead
Snake:4:  grunt_snake_rune_pools, layout_cave_town,
          nicolae_snake_gridmaze_spiral, nicolae_snake_naga_rites,
          serial_bayou_shore_b
Orc:1:    layout_caves, ebering_ghost_inner_flame, uniq_nergalle, uniq_josephine
Orc:2:    st_orc_pillars, layout_caves, mines2_david
Vaults:1: ontoclasm_vaults_gateway, nicolae_vaults_border_crossing, v_misc_22,
          vaults_room_grunt_arrival_ludios, vaults_dpeg_spiral,
          vaults_standard_mumra_x, v_misc_2, vaults_room_semicircle,
          grunt_vaults_swirl, v_misc_13, v_alt_pattern_1,
          gammafunk_sealed_arena, v_misc_5, nicolae_vaults_little_ls,
          layout_vaults_chaotic_city, serial_shops, shop, uniq_zenata
Vaults:2: vaults_room_grunt_arrival_checkpoint, v_misc_9, special_room_vaults
          [special_room_orc], vaults_room_fancy_cross, v_alt_pattern_3,
          v_misc_1, nicolae_vaults_what_the_h, vaults_room_hallway,
          layout_vaults_quadrants
Vaults:3: hangedman_vaults_river_flow, nicolae_vaults_ring_of_whatevers,
          minmay_crypt_entry_simple_box, ontoclasm_vaults_twist,
          nicolae_vaults_lopsided_apartments, v_misc_8, hangedman_vaults_snaps,
          v_misc_23, v_misc_5, nicolae_vaults_shelves_hall,
          vaults_room_semicircle, nicolae_vaults_gold_heap,
          ontoclasm_vaults_loading_screen, layout_vaults_omnicross
Vaults:4: ontoclasm_vaults_ring_square, hangedman_vaults_cutoff,
          hangedman_vaults_slither, ontoclasm_vaults_bender, v_alt_pattern_2,
          nicolae_vaults_angled_halls, vaults_room_fours,
          grunt_vaults_trifunnel, hangedman_vaults_nails,
          vaults_mumra_chevron_long, ontoclasm_vaults_idyll,
          hangedman_vaults_impose, ontoclasm_vaults_shout, v_misc_24,
          nicolae_vaults_shelves_hall, vaults_room_door_ring,
          layout_vaults_maze_bifur
Depths:1: layout_basic, ebering_dispersal_statue_hall, grunt_hell_horde,
          guppyfry_shop_blood, nicolae_triple_integral
Depths:2: minmay_containers, layout_gridlike, enter_ziggurat_d,
          rand_demon_pan_entry_5, hell_entry, skrybe_limestone_x, firewood_loft
Depths:3: evilmike_horseshoe, layout_small_grid, abyss_entry_flame_altar,
          hell_entry, pan_entry

Skill      XL: |  1  2  3  4  5  6  7  8  9 10 11 12 13 14 15 16 17 18 19 20 21 |
---------------+----------------------------------------------------------------+-----
Axes           | 4 5 7 9 11 12 14 16 18 | 18.0
Fighting       | 4 5 7 8 9 11 14 17 18 19 21 22 24 | 24.7
Throwing       | 1 2 3 4 8 9 10 13 14 | 14.0
Armour         | 4 7 9 10 12 14 16 18 19 20 21 22 | 22.0
Dodging        | 3 4 6 7 8 9 10 | 10.0
Shields        | 10 15 19 20 21 22 | 22.0

Action                   |  1- 3 |  4- 6 |  7- 9 | 10-12 | 13-15 | 16-18 | 19-21 || total
-------------------------+-------+-------+-------+-------+-------+-------+-------++-------
Melee: Hand axe          |    82 |     9 |       |       |       |       |       ||    91
       Headbutt          |    15 |    16 |    43 |    80 |   141 |   268 |   260 ||   823
       War axe           |       |    79 |   246 |   181 |       |       |       ||   506
       Punch             |       |     1 |     1 |     4 |     1 |       |       ||     7
       Broad axe         |       |       |       |   225 |   799 |  1123 |   888 ||  3035
       Morningstar       |       |       |       |     5 |    22 |       |       ||    27
       Eveningstar       |       |       |       |       |    13 |       |       ||    13
Throw: Boomerang         |       |       |    60 |    97 |    75 |    18 |    18 ||   268
       Javelin           |       |       |       |       |    12 |    47 |    86 ||   145
Invok: Berserk           |     4 |     4 |    12 |    16 |    37 |    34 |    22 ||   129
       Trog's Hand       |       |       |     1 |       |     4 |     7 |    18 ||    30
       Brothers in Arms  |       |       |       |     5 |    11 |    12 |    10 ||    38
  Use: Scroll            |     3 |     3 |    13 |     6 |    14 |     6 |     2 ||    47
       Potion            |       |     1 |     9 |       |    11 |     2 |     1 ||    24
 Stab: Invisible         |       |       |     1 |       |       |       |       ||     1
       Distracted        |       |       |       |       |       |     1 |       ||     1
Armor: Animal skin       |     7 |       |       |       |       |       |       ||     7
       Ring mail         |     3 |    18 |     4 |       |       |       |       ||    25
       Chain mail        |       |       |    62 |    12 |       |       |       ||    74
       Plate armour      |       |       |       |   175 |   396 |   396 |   224 ||  1191
       Skin              |       |       |       |     1 |       |       |       ||     1
Dodge: Dodged            |    29 |    30 |    63 |   192 |   324 |   175 |   134 ||   947
Block: Other             |     3 |    13 |    39 |    65 |    43 |       |       ||   163
       Reflection        |       |       |     3 |     3 |    89 |   146 |    64 ||   305
       Buckler           |       |       |       |       |   205 |       |       ||   205
       Tower shield      |       |       |       |       |   239 |  1188 |   656 ||  2083

Table legend:
 A = Non-vault XP
 B = Vault XP
 C = Vault XP percentage of total XP
 D = Non-vault monster count
 E = Vault monster count
 F = Vault count percentage of total count
                 A         B        C        D         E       F
            +---------+---------+-------+---------+---------+-------
      Total |  363855 |  277317 |  43.3 |     978 |     574 |  37.0
            +---------+---------+-------+---------+---------+-------
        D:1 |      43 |       2 |   4.4 |      27 |       2 |   6.9
        D:2 |      21 |     232 |  91.7 |       5 |       7 |  58.3
        D:3 |      78 |     290 |  78.8 |      21 |       1 |   4.5
        D:4 |     379 |     698 |  64.8 |      18 |       2 |  10.0
        D:5 |     565 |      35 |   5.8 |      15 |       6 |  28.6
        D:6 |    1258 |       0 |   0.0 |      31 |       0 |   0.0
        D:7 |     739 |     651 |  46.8 |      19 |       2 |   9.5
        D:8 |     779 |       0 |   0.0 |      25 |       0 |   0.0
        D:9 |    2000 |    1646 |  45.1 |      19 |      13 |  40.6
       D:10 |    2885 |    4715 |  62.0 |      19 |      14 |  42.4
       D:11 |    3541 |       0 |   0.0 |      13 |       0 |   0.0
       D:12 |    4256 |   11218 |  72.5 |      12 |      28 |  70.0
       D:13 |    9262 |    6560 |  41.5 |      23 |      10 |  30.3
       D:14 |   11535 |    5879 |  33.8 |      35 |       4 |  10.3
       D:15 |   10133 |    3741 |  27.0 |      28 |       5 |  15.2
     Lair:1 |    3762 |    2856 |  43.2 |      21 |       7 |  25.0
     Lair:2 |    6201 |     877 |  12.4 |      23 |       1 |   4.2
     Lair:3 |    5623 |    2765 |  33.0 |      24 |      34 |  58.6
     Lair:4 |    5189 |       0 |   0.0 |      21 |       0 |   0.0
     Lair:5 |   12641 |    8759 |  40.9 |      37 |      46 |  55.4
   Shoals:1 |   21154 |       0 |   0.0 |      42 |       0 |   0.0
   Shoals:2 |   16288 |    9161 |  36.0 |      34 |      10 |  22.7
   Shoals:3 |   14550 |    1121 |   7.2 |      30 |       1 |   3.2
   Shoals:4 |   17202 |   19378 |  53.0 |      35 |      32 |  47.8
    Snake:1 |   28626 |    2875 |   9.1 |      55 |       4 |   6.8
    Snake:2 |   20542 |       0 |   0.0 |      37 |       0 |   0.0
    Snake:3 |   27265 |   17067 |  38.5 |      53 |      31 |  36.9
    Snake:4 |   18765 |   37455 |  66.6 |      35 |      56 |  61.5
      Orc:1 |    1155 |    2701 |  70.0 |      15 |       7 |  31.8
      Orc:2 |    4507 |    9763 |  68.4 |      43 |      59 |  57.8
   Vaults:1 |   17224 |   24396 |  58.6 |      28 |      31 |  52.5
   Vaults:2 |    6871 |   22439 |  76.6 |      16 |      50 |  75.8
   Vaults:3 |   14496 |   17680 |  54.9 |      21 |      21 |  50.0
   Vaults:4 |   24634 |   28676 |  53.8 |      40 |      33 |  45.2
   Depths:1 |   17981 |   14676 |  44.9 |      21 |      15 |  41.7
   Depths:2 |   22096 |    5929 |  21.2 |      26 |       8 |  23.5
   Depths:3 |    9609 |   12833 |  57.2 |      11 |      10 |  47.6
      Sewer |       0 |     243 | 100.0 |       0 |      24 | 100.0
            +---------+---------+-------+---------+---------+-------
